 Dungeon Crawl Stone Soup version 0.26-b1-32-g5d43845318 (webtiles) character file.

Game seed: 11544488636934667662

18828798 inmateoo the Ninja (level 27, 189/249 HPs)
             Began as a Gnoll Wanderer on Jan 10, 2021.
             Was the Champion of Cheibriados.
             Escaped with the Orb
             ... and 15 runes on Jan 11, 2021!
             The game lasted 04:16:00 (82475 turns).

inmateoo the Ninja (Gnoll Wanderer)                Turns: 82475, Time: 04:16:00

Health: 189/249    AC: 57    Str: 33      XL:     27
Magic:  56/64      EV: 31    Int: 67      God:    Cheibriados [******]
Gold:   9956       SH: 22    Dex: 28 (29) Spells: 8/80 levels left

rFire    + + +     SeeInvis +   U - +3 Elemental Staff {rElec rF++ rC++ Will++ AC+5}
rCold    + + +     Faith    .   G - +1 kite shield of Kikubaaqudgha's Regard {rF+ rC++ Int+3}
rNeg     + + +     Spirit   .   d - +8 orange crystal plate armour {Archmagi, Int+3 Clar}
rPois    +         Reflect  .   Y - +3 hat of Pondering {ponderous, Will+ MP+10 Int+5}
rElec    +         Harm     .   l - +2 ratskin cloak {*Rats rPois rN+ Str-1 Int-1 Dex+1}
rCorr    .         Rampage  .   u - +2 pair of gloves "Jewist" {Will+ Dex-4 SInv}
Will     +++++     Clarity  +   V - +0 pair of boots of the Vestibule of Hell {Int+4}
Stlth    +.........             t - amulet of Arreh {RegenMP rN+ Str+4 Int+4}
HPRegen  0.51/turn              C - ring of wizardry
MPRegen  0.64/turn              B - ring "Vacu Uga" {Fire rElec rN+ Will- Int+7}

@: studying Transmutations, very slow
A: distributed training, fangs 1, clever 1, deterioration 1, strong-willed 1,
strong nose
0: Orb of Zot
}: 15/15 runes: decaying, serpentine, slimy, silver, golden, iron, obsidian,
icy, bone, abyssal, demonic, glowing, magical, fiery, dark
a: Renounce Religion, Bend Time, Temporal Distortion, Slouch, Step From Time


You escaped.
You worshipped Cheibriados.
Cheibriados was exalted by your worship.
You visited 17 branches of the dungeon, and saw 88 of its levels.
You visited Pandemonium 3 times, and saw 17 of its levels.
You visited the Abyss 2 times.
You completed 1 ziggurat, and saw 27 of its levels.
You also visited: Trove, Ossuary, Gauntlet and Wizlab.

You collected 13089 gold pieces.
You spent 3133 gold pieces at shops.

Inventory:

Hand Weapons
 x - a +9 eudemon blade of holy wrath
 U - the +3 Elemental Staff (weapon) {rElec rF++ rC++ Will++ AC+5}
   (You found it on level 6 of the Lair of Beasts)

   It affects your AC (+5).
   It greatly protects you from fire.
   It greatly protects you from cold.
   It insulates you from electricity.
   It affects your willpower, your defense against some magical effects.
Missiles
 k - 6 throwing nets
 z - 145 silver javelins (quivered)
Armour
 d - the +8 orange crystal plate armour (worn) {Archmagi, Int+3 Clar}
   (You found it on level 5 of the Vaults)

   It affects your intelligence (+3).
   It protects you against confusion.
 l - the +2 ratskin cloak (worn) {*Rats rPois rN+ Str-1 Int-1 Dex+1}
   (You found it on level 7 of the Dungeon)

   It affects your strength (-1).
   It affects your intelligence (-1).
   It affects your dexterity (+1).
   It protects you from poison.
   It protects you from negative energy.
 u - the +2 pair of gloves "Jewist" (worn) {Will+ Dex-4 SInv}
   (You found it on level 1 of the Vaults)

   It affects your dexterity (-4).
   It affects your willpower, your defense against some magical effects.
   It lets you see invisible.
 G - the +1 kite shield of Kikubaaqudgha's Regard (worn) {rF+ rC++ Int+3}
   (You found it on level 7 of the Iron City of Dis)

   It affects your intelligence (+3).
   It protects you from fire.
   It greatly protects you from cold.
 V - the +0 pair of boots of the Vestibule of Hell (worn) {Int+4}
   (You acquired it on level 2 of the Elven Halls)

   It affects your intelligence (+4).
 Y - the +3 hat of Pondering (worn) {ponderous, Will+ MP+10 Int+5}
   (You found it on level 5 of the Vaults)

   It affects your intelligence (+5).
   It affects your willpower, your defense against some magical effects.
   It affects your magic capacity (+10).
Jewellery
 n - an uncursed amulet of regeneration
 t - the amulet of Arreh (around neck) {RegenMP rN+ Str+4 Int+4}
   (You found it on level 16 of a ziggurat)

   [amulet of magic regeneration]

   It increases your magic regeneration.
   It affects your strength (+4).
   It affects your intelligence (+4).
   It protects you from negative energy.
 A - the ring "Utsurchio" {rPois rF+ rC+ Dex+4}
   (You found it on level 1 of the Vaults)

   [ring of poison resistance]

   It affects your dexterity (+4).
   It protects you from fire.
   It protects you from cold.
   It protects you from poison.
 B - the ring "Vacu Uga" (right hand) {Fire rElec rN+ Will- Int+7}
   (You acquired it on level 27 of a ziggurat)

   [ring of fire]

   It enhances your fire magic.
   It affects your intelligence (+7).
   It protects you from fire.
   It makes you vulnerable to cold.
   It insulates you from electricity.
   It protects you from negative energy.
   It affects your willpower, your defense against some magical effects.
 C - a ring of wizardry (left hand)
 F - the ring of the Princess {rN+ Will+ Str+3 Int+5}
   (You found it on level 13 of a ziggurat)

   [ring of positive energy]

   It affects your strength (+3).
   It affects your intelligence (+5).
   It protects you from negative energy.
   It affects your willpower, your defense against some magical effects.
 P - the ring "Deyco" {rF+ rCorr Stlth+}
   (You found it in a treasure trove)

   [ring of resist corrosion]

   It protects you from fire.
   It provides partial protection from all sources of acid and corrosion.
   It makes you more stealthy.
 W - the ring of Vywusy {rCorr Dex+3}
   (You found it on level 27 of a ziggurat)

   [ring of resist corrosion]

   It affects your dexterity (+3).
   It provides partial protection from all sources of acid and corrosion.
Wands
 q - a wand of iceblast (21)
 K - a wand of acid (66)
 L - a wand of digging (39)
 O - a wand of disintegration (62)
Scrolls
 a - 4 scrolls of summoning
 f - 24 scrolls of teleportation
 g - 28 scrolls of identify
 j - 58 scrolls of remove curse
 o - 15 scrolls of fear
 v - 9 scrolls of immolation
 w - 15 scrolls of amnesia
 y - 9 scrolls of magic mapping
 D - 21 scrolls of blinking
 H - 20 scrolls of fog
 M - 4 scrolls of silence
 Q - 9 scrolls of holy word
Potions
 b - 11 potions of cancellation
 h - 10 potions of might
 m - 42 potions of curing
 p - 28 potions of mutation
 r - 5 potions of resistance
 s - 5 potions of ambrosia
 I - 8 potions of brilliance
 N - 8 potions of magic
 R - 18 potions of flight
 T - 4 potions of invisibility
 Z - 20 potions of heal wounds
Books
 e - a manual of Transmutations
 E - a manual of Bows
Miscellaneous
 c - a box of beasts
 i - a condenser vane
 J - a +1 figurine of a ziggurat
 S - a lightning rod (4/4)
 X - a tin of tremorstones (2/2)


   Skills:
 O Level 27 Fighting
 O Level 27 Short Blades
 O Level 27 Long Blades
 O Level 27 Axes
 O Level 27 Maces & Flails
 O Level 27 Polearms
 O Level 27 Staves
 O Level 27 Slings
 O Level 27 Bows
 O Level 27 Crossbows
 O Level 27 Throwing
 O Level 27 Armour
 O Level 27 Dodging
 O Level 27 Stealth
 O Level 27 Shields
 O Level 27 Unarmed Combat
 O Level 27 Spellcasting
 + Level 24.5 Conjurations
 + Level 24.5 Hexes
 + Level 24.5 Summonings
 + Level 24.5 Necromancy
 + Level 24.5 Translocations
 + Level 26.6 Transmutations
 + Level 24.5 Fire Magic
 + Level 24.5 Ice Magic
 + Level 24.5 Air Magic
 + Level 24.5 Earth Magic
 + Level 24.5 Poison Magic
 O Level 27 Invocations
 O Level 27 Evocations


You had 8 spell levels left.
You knew the following spells:

 Your Spells              Type           Power        Failure   Level
a - Fire Storm            Conj/Fire      100%         1%          9
b - Absolute Zero         Ice            100%         1%          9
c - Shatter               Erth           100%         1%          9
d - Tornado               Air            100%         1%          9
e - Passage of Golubria   Tloc           N/A          0%          4
f - Borgnjor's Revivific  Necr           94%          1%          8
g - Borgnjor's Vile Clut  Necr/Erth      100%         0%          5
i - Necromutation         Tmut/Necr      95%          1%          8
j - Ignition              Fire           100%         1%          8
k - Blink                 Tloc           N/A          0%          2
l - Apportation           Tloc           100%         0%          1

Your spell library contained the following spells:

 Spells                   Type           Power        Failure   Level
 Animate Skeleton         Necr           100%         0%          1
 Beastly Appendage        Tmut           100%         0%          1
 Corona                   Hex            100%         0%          1
 Foxfire                  Conj/Fire      100%         0%          1
 Freeze                   Ice            100%         0%          1
 Magic Dart               Conj           100%         0%          1
 Pain                     Necr           100%         0%          1
 Sandblast                Erth           100%         0%          1
 Shock                    Conj/Air       100%         0%          1
 Sting                    Tmut/Pois      100%         0%          1
 Summon Small Mammal      Summ           100%         0%          1
 Call Imp                 Summ           100%         0%          2
 Corpse Rot               Necr/Air       N/A          0%          2
 Ensorcelled Hibernation  Hex/Ice        100%         0%          2
 Passwall                 Tmut/Erth      100%         0%          2
 Poisonous Vapours        Pois/Air       100%         0%          2
 Searing Ray              Conj           100%         0%          2
 Slow                     Hex            100%         0%          2
 Sublimation of Blood     Necr           94%          0%          2
 Swiftness                Air            100%         0%          2
 Wereblood                Tmut           100%         0%          2
 Call Canine Familiar     Summ           100%         0%          3
 Confusing Touch          Hex            100%         0%          3
 Conjure Flame            Conj/Fire      100%         0%          3
 Dazzling Flash           Conj/Hex       100%         0%          3
 Frozen Ramparts          Ice            100%         0%          3
 Gell's Gravitas          Tloc           94%          0%          3
 Ignite Poison            Fire/Tmut/Pois 100%         0%          3
 Inner Flame              Hex/Fire       100%         0%          3
 Mephitic Cloud           Conj/Pois/Air  100%         0%          3
 Ozocubu's Armour         Ice            100%         0%          3
 Portal Projectile        Hex/Tloc       100%         0%          3
 Spider Form              Tmut/Pois      95%          0%          3
 Static Discharge         Conj/Air       100%         0%          3
 Stone Arrow              Conj/Erth      100%         0%          3
 Summon Guardian Golem    Hex/Summ       100%         0%          3
 Tukima's Dance           Hex            100%         0%          3
 Vampiric Draining        Necr           94%          0%          3
 Airstrike                Air            100%         0%          4
 Animate Dead             Necr           94%          0%          4
 Cause Fear               Hex            94%          0%          4
 Dispel Undead            Necr           100%         0%          4
 Fulminant Prism          Conj/Hex       94%          0%          4
 Hailstorm                Conj/Ice       100%         0%          4
 Ice Form                 Ice/Tmut       100%         0%          4
 Iskenderun's Mystic Bla  Conj/Tloc      100%         0%          4
 Leda's Liquefaction      Hex/Erth       100%         0%          4
 Olgreb's Toxic Radiance  Pois           100%         0%          4
 Petrify                  Tmut/Erth      100%         0%          4
 Sticky Flame             Conj/Fire      100%         0%          4
 Summon Ice Beast         Ice/Summ       100%         0%          4
 Summon Lightning Spire   Summ/Air       100%         0%          4
 Agony                    Necr           100%         0%          5
 Alistair's Intoxication  Tmut/Pois      100%         0%          5
 Blade Hands              Tmut           96%          0%          5
 Bolt of Magma            Conj/Fire/Erth 100%         0%          5
 Excruciating Wounds      Necr           94%          0%          5
 Fireball                 Conj/Fire      100%         0%          5
 Irradiate                Conj/Tmut      95%          0%          5
 Iskenderun's Battlesphe  Conj           100%         0%          5
 Lee's Rapid Deconstruct  Erth           100%         0%          5
 Lightning Bolt           Conj/Air       100%         0%          5
 Metabolic Englaciation   Hex/Ice        100%         0%          5
 Silence                  Hex/Air        100%         0%          5
 Summon Demon             Summ           94%          0%          5
 Summon Forest            Summ/Tloc      94%          0%          5
 Summon Mana Viper        Hex/Summ       100%         0%          5
 Yara's Violent Unravell  Hex/Tmut       95%          0%          5
 Conjure Ball Lightning   Conj/Air       100%         0%          6
 Death Channel            Necr           94%          0%          6
 Dispersal                Tloc           94%          0%          6
 Eringya's Noxious Bog    Tmut/Pois      95%          0%          6
 Freezing Cloud           Conj/Ice/Air   100%         0%          6
 Hydra Form               Tmut           96%          0%          6
 Invisibility             Hex            100%         0%          6
 Iron Shot                Conj/Erth      100%         0%          6
 Ozocubu's Refrigeration  Ice            100%         0%          6
 Shadow Creatures         Summ           N/A          0%          6
 Simulacrum               Ice/Necr       100%         0%          6
 Starburst                Conj/Fire      100%         0%          6
 Statue Form              Tmut/Erth      100%         0%          6
 Dragon Form              Tmut           96%          0%          7
 Haunt                    Necr/Summ      94%          0%          7
 Malign Gateway           Summ/Tloc      94%          0%          7
 Orb of Destruction       Conj           94%          0%          7
 Spellforged Servitor     Conj/Summ      94%          0%          7
 Summon Hydra             Summ           94%          0%          7
 Chain Lightning          Conj/Air       100%         1%          8
 Discord                  Hex            94%          1%          8
 Disjunction              Tloc           94%          1%          8
 Infestation              Necr           94%          1%          8
 Lehudib's Crystal Spear  Conj/Erth      100%         1%          8
 Death's Door             Necr           94%          1%          9
 Dragon's Call            Summ           94%          1%          9


Dungeon Overview and Level Annotations

Branches:
Dungeon (15/15)            Temple (0/1) D:7            Lair (6/6) D:8
  Swamp (4/4) Lair:3        Snake (4/4) Lair:3        Slime (5/5) Lair:6
    Orc (2/2) D:11            Elf (3/3) Orc:2        Vaults (5/5) D:14
  Crypt (3/3) Vaults:2       Tomb (3/3) Crypt:3      Depths (5/5) D:15
   Hell (visited)             Dis (7/7) Hell            Geh (7/7) Hell
    Coc (7/7) Hell            Tar (7/7) Hell            Zot (5/5) Depths:5
Ossuary (visited)          WizLab (visited)         Gauntlet (visited)

Altars:
Ashenzari
Cheibriados
Fedhas
Kikubaaqudgha
Makhleb
Okawaru
Qazlal
Ru
Sif Muna
Vehumet
Xom
Yredelemnul
Zin
The Shining One
Lugonu

Shops:
D:8 ?   D:10 :   D:14 (   Orc:2 *}![   Elf:1 *[   Snake:1 }=}   Snake:2 [
Snake:3 [

Portals:
Hell: Depths:1 Depths:2 Depths:3 Depths:4 Depths:5
Abyss: Depths:3 Depths:4 Depths:5
Pandemonium: Orc:2 Depths:3


Innate Abilities, Weirdness & Mutations

Your experience applies equally to all skills.
You have very sharp teeth.
Your uncanny sense of smell can sniff out nearby items.
Your mind is acute. (Int +2)
Your body sometimes deteriorates upon taking damage.
You are strong-willed. (Will+)


Message History

Unknown command.
Casting: Shatter (mildly dangerous; 1% risk of failure)
Confirm with . or Enter, or press ? or * to list all spells.
You feel a strong surge of power!
The dungeon rumbles!
You kill the Orb Guardian!
Cheibriados thoroughly appreciates the change of pace.
The plant begins to die.
The plant is heavily damaged.
The plant begins to die.
The plant is severely damaged.
Ka-crash!
You hear a shout!
Unknown command.
Unknown command.
Unknown command.
A nearby plant withers and dies. x2
You enter the shallow water.
Moving in this stuff is going to be slow.
There is a staircase leading out of the dungeon here.
You have escaped!

#.##..........#...##.#
#.#####.#..####.....
#.......##.....#..#
##....###8+8##....#
#...##≈≈≈.≈≈≈....#
#..##≈≈≈...≈≈≈##...#
#.##≈≈P......≈≈###.#
#.#≈≈≈..(....≈≈≈# .#
#.#≈P.8..@....P≈# #
#.#≈≈≈.......≈≈≈#
#.##≈≈P.....P≈≈###
#..##≈≈≈.P.≈≈≈##.#
#...##≈≈≈.≈≈≈##..# ##
#....###8'8###...# #.
#.........##
###.########.
###########
#..........
#######....


There were no monsters in sight!

Vanquished Creatures
  Cerebov (Pan)
  Antaeus (Coc:7)
  Asmodeus (Geh:7)
  the Royal Jelly (Slime:5)
  Ereshkigal (Tar:7)
  Dissolution (Slime:3)
  2 seraphim
  Gloorx Vloq (Pan)
  Lom Lobon (Pan)
  Mnoleg (Pan)
  Dispater (Dis:7)
  14 pandemonium lords
  Mennas (Tomb:3)
  5 orbs of fire
  20 ancient liches
  5 juggernauts
  Boris (Depths:5)
  34 royal mummies
  Margery (Crypt:1)
  Frederick (Crypt:2)
  10 shard shrikes
  6 Killer Klowns (Zot:5)
  Saint Roka (Depths:1)
  Xtahua (Depths:3)
  4 curse toes
  24 golden dragons
  Geryon (Hell)
  2 profane servitors
  2 pearl dragons (Pan)
  7 bone dragons
  The ghost of TuffENuff the Warrior, an adept FoFi of Cheibriados (Snake:4)
  6 doom hounds
  16 liches
  23 Brimstone Fiends
  5 electric golems
  22 Tzitzimimeh
  7 iron giants
  A hellephant (Hell)
  16 Hell Sentinels
  35 tentacled monstrosities
  32 Orb Guardians
  26 Ice Fiends
  Rupert (Orc:2)
  9 deep elf blademasters
  10 quicksilver dragons
  The ghost of Yloucecuu the Ninja, a veteran SpEn of Dithmenos (Vaults:1)
  Asterion (Depths:3)
  9 titans
  18 acid blobs
  Murray (Hell)
  2 tentacled starspawn
  18 Executioners
  12 deep elf master archers
  17 ancient champions
  4 death cobs
  16 sphinxes
  Frances (D:13)
  Kirke (Swamp:1)
  A thorn hunter (Abyss:3)
  5 draconian monks
  A fenstrider witch (Zig:25)
  25 azure jellies
  12 tengu reavers
  13 nagarajas
  8 storm dragons
  12 revenants
  11 shadow dragons
  The ghost of AyAyRon the Bludgeoner, an adept DsFi of Yredelemnul (D:15)
  30 daevas (Pan)
  3 orc warlords
  Aizul (Snake:4)
  11 draconian knights
  8 draconian scorchers
  11 ghost moths
  A ghost moth (shapeshifter) (Vaults:1)
  7 iron dragons
  9 deep elf sorcerers
  26 frost giants
  11 vault wardens
  5 emperor scorpions
  8 warmongers
  23 cacodemons
  19 fire giants
  7 curse skulls
  7 draconian shifters
  40 balrugs
  A juggernaut skeleton (Zig:15)
  13 ironheart preservers
  15 ghouls
  50 angels
  18 draconian annihilators
  A spriggan defender (Depths:2)
  11 blood saints
  6 deep elf elementalists
  14 war gargoyles
  4 draconian stormcallers
  30 stone giants
  2 elemental wellsprings (Coc:7)
  16 very ugly things
  68 reapers
  9 green draconians
  12 black suns
  19 ophanim (Pan)
  16 black draconians
  15 deep elf demonologists
  12 bennus
  55 apis (Pan)
  9 white draconians
  2 minotaurs
  14 corrupters
  9 purple draconians
  11 lorocyprocas
  14 vampire knights
  12 yellow draconians
  3 entropy weavers
  12 deep elf annihilators
  3 dire elephants
  12 red draconians
  2 bunyips
  12 ettins
  An eleionoma (shapeshifter) (Vaults:5)
  20 mummy priests
  5 eleionomae
  9 spark wasps
  Snorg (D:10)
  8 eidola
  10 merfolk javelineers
  13 deep elf death magi
  43 blizzard demons
  6 jiangshi
  7 death oozes
  35 green deaths
  11 deep elf high priests
  Josephine (D:10)
  3 merfolk impalers
  28 yaktaur captains
  2 kraken zombies
  5 quicksilver dragon zombies
  14 great orbs of eyes
  15 ogre magi
  5 shambling mangroves
  33 vault guards
  Erolcha (D:9)
  15 fire dragons
  A spectral shadow dragon (Vaults:1)
  6 boulder beetles
  36 ice dragons
  7 hell beasts
  8 rakshasas
  A caustic shrike simulacrum (Zig:27)
  3 catoblepae (Lair:6)
  5 naga warriors
  2 juggernaut simulacra
  5 quicksilver dragon skeletons
  6 merfolk aquamancers
  4 monstrous demonspawn
  25 hydras
  5 spriggan air magi
  A merfolk avatar (Zig:8)
  9 anacondas
  2 ghost crabs
  16 centaur warriors
  5 death knights
  A two-headed ogre (shapeshifter) (Depths:2)
  36 dancing weapons
  34 two-headed ogres
  8 alligator snapping turtles
  14 hell hogs
  5 deep troll earth magi
  6 tengu warriors
  48 death scarabs
  13 naga sharpshooters
  5 deep troll shamans
  13 small abominations
  10 vampire magi
  9 alligators
  8 satyrs
  10 spriggan berserkers
  6 shock serpents
  The ghost of Netaeli the End of an Era, a journeyman SpVM of Qazlal (D:12)
  3 storm dragon zombies
  8 titan zombies
  16 thrashing horrors (Abyss:5)
  10 orc high priests
  A shock serpent (shapeshifter) (Vaults:5)
  Urug (D:10)
  50 sun demons
  6 wretched stars
  29 deep elf knights
  3 salamander mystics (Zig:19)
  48 soul eaters
  A spectral human (Vaults:1)
  47 hell knights
  27 shadow wraiths
  3 titan skeletons
  5 storm dragon skeletons
  9 anaconda zombies
  13 death drakes
  77 skeletal warriors
  A spatial maelstrom (Abyss:5)
  19 deep trolls
  29 cherubim
  An unseen horror (shapeshifter) (Vaults:4)
  32 sixfirhies
  9 glowing orange brains
  5 golden dragon zombies
  20 swamp dragons
  10 bog bodies
  A bunyip zombie (Crypt:2)
  4 goliath frogs
  22 shadow demons
  A goliath frog (shapeshifter) (Zig:1)
  3 unseen horrors
  6 infernal demonspawn
  6 spriggan druids
  2 obsidian statues (Zig:8)
  14 wizards
  42 large abominations
  5 torturous demonspawn
  19 flayed ghosts
  A naga ritualist (Snake:4)
  9 starcursed masses
  A ghost moth zombie (Tar:7)
  13 ironbrand convokers
  8 anaconda skeletons
  9 gelid demonspawn (Pan)
  6 harpies
  22 phantasmal warriors
  12 orc knights
  7 stone giant zombies
  2 sphinx zombies
  15 wolf spiders
  An orb spider (shapeshifter) (Vaults:2)
  17 necromancers
  3 mana vipers
  18 deep elf archers
  2 wolf spiders (shapeshifter)
  6 shadow dragon skeletons
  5 wolf spider zombies
  A golden dragon skeleton (Zig:12)
  6 shadow dragon zombies
  A mana viper (shapeshifter) (Depths:5)
  3 fire giant zombies
  A manticore (shapeshifter) (Vaults:4)
  4 will-o-the-wisps
  16 shining eyes
  5 orb spiders
  5 iron dragon zombies
  26 ugly things
  4 sphinx skeletons
  12 orc sorcerers
  5 salamanders
  5 fauns (Zig:26)
  55 deep elf magi
  2 oklob plants (Lair:6)
  A shining eye (shapeshifter) (Elf:1)
  5 worldbinders
  2 iron dragon skeletons
  25 moths of wrath
  6 manticores
  9 cyclopes
  A toenail golem (Zot:5)
  2 shock serpent zombies (Tar:5)
  4 fire giant skeletons
  13 frost giant zombies
  8 elephants
  5 centaur zombies
  40 rust devils
  8 stone giant skeletons
  3 dire elephant zombies
  6 frost giant skeletons
  4 molten gargoyles (Geh:7)
  16 black mambas
  7 dire elephant skeletons
  A merfolk siren (Zig:24)
  16 vault sentinels
  A water nymph (shapeshifter) (Vaults:5)
  A cane toad (shapeshifter) (Depths:3)
  8 naga magi
  4 titan simulacra
  2 water nymphs (Abyss:3)
  A shock serpent skeleton (Tomb:1)
  7 ice statues
  16 cane toads
  4 eyes of devastation
  38 smoke demons
  9 guardian serpents
  A storm dragon simulacrum (Zig:27)
  A gargoyle (D:14)
  A green draconian zombie (Crypt:2)
  21 orange demons
  15 rime drakes
  A torpor snail (Lair:6)
  2 spriggan skeletons
  A yaktaur zombie (Vaults:1)
  An emperor scorpion zombie (Coc:3)
  2 centaur skeletons
  3 kobold demonologists (D:13)
  A minotaur zombie (Geh:1)
  43 ice devils
  38 freezing wraiths
  2 catoblepas zombies
  13 demonic crawlers
  14 efreet
  40 hellions
  60 yaktaurs
  9 komodo dragons
  31 tormentors
  A redback zombie (D:15)
  4 ancient zymes
  A golden dragon simulacrum (Zig:27)
  10 hydra zombies
  A queen bee (shapeshifter) (Vaults:1)
  27 red devils
  66 guardian mummies
  A green draconian skeleton (Geh:1)
  A pale draconian skeleton (Crypt:2)
  4 tengu conjurers
  A tengu simulacrum (Zig:27)
  A sea snake skeleton (Crypt:1)
  18 hellwings
  3 silent spectres
  11 trolls
  2 bloated husks (Zig:24)
  3 catoblepas skeletons
  4 jumping spiders
  3 harpy zombies
  11 merfolk
  A moth of wrath zombie (Crypt:1)
  A meliai (shapeshifter) (Depths:2)
  A harpy skeleton (Geh:3)
  A wolf spider simulacrum (D:15)
  6 meliai
  8 tyrant leeches
  2 wind drakes
  A wind drake (shapeshifter) (Vaults:1)
  8 alligator zombies
  An iron dragon simulacrum (Zig:27)
  8 hydra skeletons
  A polar bear (Lair:3)
  32 hornets
  8 dream sheep
  9 blink frogs
  126 slime creatures
  6 ettin zombies
  25 raiju
  A frost giant simulacrum (Vaults:1)
  6 fire dragon zombies
  3 ice dragon zombies
  147 flying skulls
  A black mamba zombie (Tar:4)
  3 fire dragon skeletons
  A centaur simulacrum (D:15)
  3 ettin skeletons
  27 shadows
  3 tarantellas
  9 spriggans
  25 ynoxinuls
  3 ice dragon skeletons
  An air elemental (Zig:22)
  8 redbacks
  25 wraiths
  A guardian serpent skeleton (Crypt:3)
  12 ushabtiu
  43 yaks
  3 alligator skeletons
  6 vampires
  A black mamba skeleton (Coc:2)
  3 spriggan simulacra
  5 wyverns
  20 water elementals
  4 basilisks
  A golden eye (shapeshifter) (Vaults:4)
  16 fire elementals
  A hog (shapeshifter) (Depths:2)
  An elf skeleton (Zig:17)
  17 golden eyes
  A human (Vaults:4)
  A fire bat (shapeshifter) (Vaults:2)
  17 chaos spawn
  A human simulacrum (Vaults:1)
  9 wargs
  2 elf simulacra (Zig:27)
  2 swamp worms (shapeshifter)
  5 vampire mosquitoes
  18 soldier ants
  2 harpy simulacra
  37 neqoxecs
  A merfolk zombie (Tar:5)
  3 two-headed ogre zombies (WizLab)
  3 hydra simulacra
  17 nagas
  6 swamp worms
  An acid dragon (Vaults:1)
  8 cane toad zombies
  5 floating eyes
  34 hell hounds
  2 sky beasts
  15 water moccasins
  A torturous demonspawn skeleton (Crypt:2)
  A water nymph skeleton (Crypt:2)
  A floating eye (shapeshifter) (Zig:21)
  5 swamp drakes
  2 meliai simulacra (D:15)
  13 eyes of draining
  A swamp dragon zombie (Geh:3)
  An alligator simulacrum (Coc:3)
  13 ice beasts
  An ice dragon simulacrum (Hell)
  3 phantoms
  3 cane toad skeletons
  46 orc warriors
  An ettin simulacrum (Vaults:1)
  25 necrophages
  3 manticore zombies
  38 ogres
  2 snapping turtle zombies
  14 boggarts
  19 centaurs
  18 wolves
  A wolf (shapeshifter) (Depths:2)
  2 swamp dragon skeletons
  6 elf zombies
  A lindwurm skeleton (Crypt:2)
  4 snapping turtle skeletons
  10 big kobolds
  23 bullfrogs
  A gnoll sergeant (Orc:2)
  2 glowing shapeshifter simulacra
  4 water moccasin zombies
  11 earth elementals
  A scorpion (shapeshifter) (Vaults:4)
  A wyvern skeleton (D:12)
  5 scorpions
  6 troll zombies (WizLab)
  A manticore simulacrum (Coc:3)
  2 spriggan zombies
  A raiju zombie (Crypt:2)
  14 killer bees
  71 wights
  A wolf zombie (Crypt:1)
  A howler monkey (D:5)
  A troll skeleton (Tar:5)
  8 electric eels
  12 crimson imps
  2 bullfrog zombies
  A quasit (Abyss:2)
  A wyvern simulacrum (D:15)
  7 hounds
  3 human zombies
  25 orc priests
  5 jellies
  22 orc wizards
  A bullfrog skeleton (D:8)
  5 iguanas
  11 iron imps
  2 human skeletons
  8 hell rats
  22 worker ants
  4 big kobold zombies (Ossuary)
  4 tengu zombies
  A demigod zombie (Crypt:3)
  2 ogre zombies (WizLab)
  An ogre skeleton (Coc:3)
  3 tengu skeletons
  A naga skeleton (Tar:3)
  A hound zombie (D:10)
  A hound skeleton (Crypt:2)
  2 worker ant zombies
  75 mummies
  A howler monkey skeleton (D:10)
  10 adders
  4 river rats (D:7)
  10 shadow imps
  20 white imps
  2 ufetubi
  An ooze (D:2)
  3 adder zombies (Ossuary)
  An adder skeleton (D:6)
  A worm (D:2)
  6 dart slugs
  9 leopard geckos
  90 orcs
  3 ball pythons
  A bat skeleton (Crypt:1)
  4 giant cockroaches
  4 gnoll zombies (Ossuary)
  7 goblins
  5 hobgoblins
  14 jackals
  18 kobolds
  6 quokkas
  7 bats
  5 frilled lizards
  7 hobgoblin zombies (Ossuary)
  A jackal skeleton (D:4)
  A jackal zombie (Crypt:3)
  A kobold simulacrum (Tar:5)
  6 kobold zombies
  A leopard gecko zombie (Crypt:1)
  An orc skeleton (Dis:7)
  6 orc zombies
  21 rats
  33 blocks of ice
  2 crawling corpses
  5 tentacles
5371 creatures vanquished.

Vanquished Creatures (collateral kills)
  Mara (Crypt:1)
  The ghost of Tang the Slayer, a master DsGl of Makhleb (Vaults:4)
  the Lernaean hydra (Swamp:4)
  An electric golem (Zot:1)
  A titan (Vaults:5)
  13 acid blobs
  4 ancient champions
  2 thorn hunters
  A tengu reaver (Vaults:5)
  A shadow dragon (Elf:1)
  3 daevas (Pan)
  2 azure jellies
  6 nagarajas
  3 vault wardens
  A fire giant (Vaults:4)
  A frost giant (Vaults:4)
  An orc warlord (Vaults:4)
  2 stone giants
  3 very ugly things (Vaults:4)
  A ghoul (Crypt:3)
  4 ironheart preservers
  A deep elf demonologist (Vaults:3)
  An entropy weaver (Lair:6)
  A bunyip (Swamp:3)
  A deep elf annihilator (Vaults:5)
  A dire elephant (Lair:6)
  A merfolk javelineer (Vaults:4)
  4 eleionomae
  A jiangshi (Crypt:3)
  A mummy priest (Crypt:3)
  A fire dragon (Elf:1)
  2 yaktaur captains
  A boulder beetle (D:14)
  9 hydras
  3 great orbs of eyes
  A vault guard (D:14)
  An ice dragon (Elf:1)
  3 centaur warriors
  A spectral sphinx (Vaults:1)
  5 naga warriors
  5 anacondas
  3 spectral humans (Vaults:1)
  A catoblepas (D:14)
  7 dancing weapons (Elf:2)
  6 alligators
  4 ogre magi
  A queen ant (Lair:6)
  9 two-headed ogres
  3 naga sharpshooters
  An orc high priest (Orc:2)
  Nergalle (D:10)
  A sun demon (Pan)
  6 deep elf knights
  A shock serpent (Snake:4)
  8 hell knights
  2 shadow wraiths (Crypt:3)
  A golden dragon zombie (Crypt:3)
  A salamander mystic (Snake:4)
  An anaconda zombie (Crypt:3)
  3 goliath frogs
  4 skeletal warriors
  4 swamp dragons
  4 spriggan druids
  An infernal demonspawn (Orc:2)
  A deep troll (Vaults:4)
  A lindwurm (Lair:6)
  3 bog bodies
  A glowing orange brain (Slime:1)
  A phantasmal warrior (Vaults:2)
  8 naga ritualists
  A wizard (D:14)
  4 deep elf archers
  5 ironbrand convokers
  A cyclops (shapeshifter) (Vaults:4)
  5 ugly things
  An orc sorcerer (Orc:2)
  3 necromancers
  3 salamanders
  12 mana vipers
  A manticore (Lair:6)
  4 shining eyes
  15 deep elf magi
  5 orc knights
  A fire giant zombie (Crypt:3)
  A human zombie (Vaults:1)
  3 will-o-the-wisps
  A cyclops (Vaults:1)
  2 guardian serpents
  2 elephants (Lair:6)
  12 black mambas
  An orange demon (Pan)
  A torpor snail (Lair:6)
  2 vault sentinels (Vaults:4)
  2 eyes of devastation
  10 naga magi
  2 smoke demons (Pan)
  A cane toad (Lair:6)
  A kobold demonologist (D:15)
  A komodo dragon (Lair:6)
  22 yaktaurs
  A freezing wraith (Crypt:2)
  A guardian mummy (Crypt:3)
  A spectral glowing shapeshifter (Vaults:1)
  2 ice devils (D:15)
  3 red devils (Pan)
  A tengu conjurer (Depths:1)
  A jumping spider (Vaults:5)
  A jumping spider (shapeshifter) (Vaults:4)
  A troll (Vaults:3)
  A bloated husk (Swamp:3)
  2 tyrant leeches
  4 hornets
  45 slime creatures
  3 dream sheep (Lair:6)
  2 blink frogs (Lair:6)
  A centaur simulacrum (D:15)
  7 spriggans
  A redback (Vaults:5)
  6 hogs (Swamp:1)
  A wraith (Crypt:1)
  2 water elementals
  An air elemental (Elf:2)
  3 ushabtiu (Crypt:3)
  A neqoxec (Pan)
  2 yaks (Lair:6)
  2 golden eyes (Slime:4)
  A yaktaur simulacrum (Vaults:1)
  3 vampire mosquitoes
  7 soldier ants (Lair:6)
  7 swamp worms
  38 nagas
  An acid dragon (Vaults:2)
  A floating eye (Slime:4)
  A torturous demonspawn skeleton (Crypt:1)
  3 orc warriors
  A black bear (D:9)
  12 ogres
  3 eyes of draining
  A necrophage (Crypt:2)
  5 centaurs
  A glowing shapeshifter simulacrum (Vaults:1)
  A shapeshifter zombie (Crypt:2)
  A human simulacrum (Vaults:1)
  3 orc priests
  An iguana (D:14)
  2 orc wizards
  5 worker ants (Lair:6)
  A demigod skeleton (Crypt:3)
  An adder (D:11)
  2 white imps (D:14)
  8 orcs
  3 blocks of ice
  33 briar patches
552 creatures vanquished.

Vanquished Creatures (others)
  A caustic shrike (Depths:2)
  A Tzitzimitl (Tar:5)
  An eldritch tentacle (Pan)
  A nagaraja (Zig:19)
  A draconian scorcher (Zig:18)
  A war gargoyle (Zig:11)
  2 elemental wellsprings (Coc:3)
  An ettin (Vaults:4)
  A spectral golden dragon (Vaults:1)
  A vault guard (Vaults:5)
  A dancing weapon (Elf:1)
  2 deep elf knights
  A shadow wraith (Vaults:2)
  A deep elf mage (Elf:2)
  An orc sorcerer (Elf:2)
  2 rust devils (Dis:7)
  2 bloated husks
  A hornet (shapeshifter) (Depths:1)
  2 flying skulls
  4 water elementals (Depths:3)
  3 large abominations (Pan)
  A vampire mosquito (Swamp:1)
  A hell hound (Dis:7)
  An orc warrior (Vaults:3)
  A swamp drake (Swamp:4)
  A centaur (Vaults:2)
  A centaur (shapeshifter) (Abyss:5)
  A crimson imp (D:14)
  A human zombie (Geh:6)
  An iron imp (Dis:7)
  2 orcs
  6 ball lightnings
  263 blocks of ice
  4 demonic plants (D:13)
  22 fire vortices
  14 foxfires
  42 fungi
  A lurking horror (Abyss:5)
  145 plants
  51 snaplasher vines
  2 starspawn tentacles (Abyss:1)
  3 tentacles
595 creatures vanquished.

Grand Total: 6518 creatures vanquished

Notes
Turn   | Place    | Note
-------+----------+-------------------------------------------
     0 | D:1      | inmateoo the Gnoll Wanderer began the quest for the Orb.
     0 | D:1      | inmateoo set off with the following items: a +0 dagger, a
                  | potion of lignification, 8 poisoned darts, a +2 scale mail
     0 | D:1      | Reached XP level 1. HP: 23/23 MP: 1/1
   179 | D:1      | Reached XP level 2. HP: 24/29 MP: 2/2
   394 | D:1      | Reached XP level 3. HP: 31/35 MP: 3/3
   686 | D:2      | Reached skill level 1 in Invocations
   915 | D:2      | Reached skill level 1 in Short Blades
   915 | D:2      | Reached skill level 1 in Long Blades
   915 | D:2      | Reached skill level 1 in Axes
   915 | D:2      | Reached skill level 1 in Polearms
   915 | D:2      | Reached skill level 1 in Staves
   915 | D:2      | Reached skill level 1 in Slings
   915 | D:2      | Reached skill level 1 in Bows
   915 | D:2      | Reached skill level 1 in Crossbows
   915 | D:2      | Reached skill level 1 in Dodging
   915 | D:2      | Reached skill level 1 in Shields
   915 | D:2      | Reached skill level 1 in Unarmed Combat
   915 | D:2      | Reached skill level 1 in Spellcasting
   915 | D:2      | Reached skill level 1 in Evocations
   956 | D:2      | Reached XP level 4. HP: 28/41 MP: 5/5
  1432 | D:3      | Found a snail-covered altar of Cheibriados.
  1432 | D:3      | Found an iron altar of Okawaru.
  1437 | D:3      | Became a worshipper of Cheibriados the Contemplative
  1457 | D:3      | Reached skill level 1 in Conjurations
  1457 | D:3      | Reached skill level 1 in Hexes
  1457 | D:3      | Reached skill level 1 in Summonings
  1457 | D:3      | Reached skill level 1 in Necromancy
  1457 | D:3      | Reached skill level 1 in Translocations
  1457 | D:3      | Reached skill level 1 in Transmutations
  1457 | D:3      | Reached skill level 1 in Fire Magic
  1457 | D:3      | Reached skill level 1 in Ice Magic
  1457 | D:3      | Reached skill level 1 in Air Magic
  1457 | D:3      | Reached skill level 1 in Earth Magic
  1457 | D:3      | Reached skill level 1 in Poison Magic
  1457 | D:3      | Reached XP level 5. HP: 19/47 MP: 5/7
  1722 | D:3      | Reached * piety under Cheibriados
  1733 | D:3      | Reached XP level 6. HP: 32/53 MP: 8/8
  2052 | D:4      | Found a glowing silver altar of Zin.
  2088 | D:4      | Found a sand-covered staircase.
  2095 | Ossuary  | Entered an ossuary
  2196 | Ossuary  | Reached XP level 7. HP: 58/59 MP: 10/10
  2233 | Ossuary  | Reached ** piety under Cheibriados
  2383 | D:4      | Found a radiant altar of Vehumet.
  2547 | D:4      | You fall into a shaft and drop 2 floors!
  2559 | D:5      | Entered Level 5 of the Dungeon
  2606 | D:4      | Reached XP level 8. HP: 64/67 MP: 12/12
  2757 | D:4      | Learned a level 2 spell: Blink
  2760 | D:4      | Learned a level 2 spell: Call Imp
  3854 | D:6      | Reached *** piety under Cheibriados
  3855 | D:6      | Found a blossoming altar of Fedhas.
  4043 | D:6      | Found a sacrificial altar of Ru.
  4324 | D:6      | Found a stormy altar of Qazlal.
  4479 | D:7      | Reached **** piety under Cheibriados
  4551 | D:7      | Found a staircase to the Ecumenical Temple.
  4778 | D:8      | Found a staircase to the Lair.
  4800 | D:8      | Reached XP level 9. HP: 58/72 MP: 14/14
  5451 | D:7      | Found the +2 ratskin cloak {*Rats rPois rN+ Str-1 Int-1
                  | Dex+1}
  5832 | D:7      | Reached skill level 5 in Maces & Flails
  5832 | D:7      | Reached skill level 5 in Throwing
  5832 | D:7      | Reached skill level 5 in Armour
  5990 | D:8      | Found Capnilig's Magic Scroll Shoppe.
  6024 | D:8      | Bought a scroll of magic mapping for 45 gold pieces
  6024 | D:8      | Bought a scroll of blinking for 97 gold pieces
  6024 | D:8      | Bought a scroll of identify for 26 gold pieces
  6024 | D:8      | Bought a scroll of identify for 26 gold pieces
  6024 | D:8      | Bought a scroll of identify for 26 gold pieces
  6024 | D:8      | Bought a scroll of identify for 26 gold pieces
  6024 | D:8      | Bought a scroll of fear for 45 gold pieces
  6024 | D:8      | Bought a scroll of remove curse for 39 gold pieces
  6024 | D:8      | Bought a scroll of amnesia for 45 gold pieces
  6075 | D:8      | Noticed an ice statue
  6155 | D:8      | Reached ***** piety under Cheibriados
  6311 | D:8      | Reached skill level 5 in Invocations
  6767 | D:8      | Reached XP level 10. HP: 29/80 MP: 17/17
  6868 | D:8      | Reached skill level 5 in Short Blades
  6868 | D:8      | Reached skill level 5 in Long Blades
  6868 | D:8      | Reached skill level 5 in Axes
  6868 | D:8      | Reached skill level 5 in Polearms
  6868 | D:8      | Reached skill level 5 in Staves
  6868 | D:8      | Reached skill level 5 in Slings
  6868 | D:8      | Reached skill level 5 in Bows
  6868 | D:8      | Reached skill level 5 in Crossbows
  6868 | D:8      | Reached skill level 5 in Dodging
  6868 | D:8      | Reached skill level 5 in Shields
  6868 | D:8      | Reached skill level 5 in Unarmed Combat
  6868 | D:8      | Reached skill level 5 in Spellcasting
  6868 | D:8      | Reached skill level 5 in Evocations
  6983 | D:8      | Learned a level 2 spell: Passwall
  6988 | D:8      | Learned a level 4 spell: Passage of Golubria
  6994 | D:8      | Learned a level 5 spell: Lee's Rapid Deconstruction
  7020 | D:9      | Noticed Erolcha
  7037 | D:9      | Killed Erolcha
  7327 | D:9      | Found a burning altar of Makhleb.
  7865 | D:10     | Entered Level 10 of the Dungeon
  8067 | D:10     | Found Jesoupn's Book Shoppe.
  8162 | D:10     | Found a broken altar of Ashenzari.
  8227 | D:10     | Noticed Snorg
  8235 | D:10     | Killed Snorg
  8376 | D:10     | Reached XP level 11. HP: 74/87 MP: 19/19
  8434 | D:10     | Noticed Nergalle
  8445 | D:10     | Killed Nergalle
  8454 | D:10     | Reached ****** piety under Cheibriados
  8496 | D:10     | Reached skill level 5 in Conjurations
  8496 | D:10     | Reached skill level 5 in Hexes
  8496 | D:10     | Reached skill level 5 in Summonings
  8496 | D:10     | Reached skill level 5 in Necromancy
  8496 | D:10     | Reached skill level 5 in Translocations
  8496 | D:10     | Reached skill level 5 in Transmutations
  8496 | D:10     | Reached skill level 5 in Fire Magic
  8496 | D:10     | Reached skill level 5 in Ice Magic
  8496 | D:10     | Reached skill level 5 in Air Magic
  8496 | D:10     | Reached skill level 5 in Earth Magic
  8496 | D:10     | Reached skill level 5 in Poison Magic
  8521 | D:10     | Noticed Josephine
  8531 | D:10     | Killed Josephine
  8532 | D:10     | Noticed Urug
  8548 | D:10     | Reached skill level 10 in Stealth
  8548 | D:10     | Killed Urug
  8988 | D:11     | Killed an unseen horror
  9258 | D:11     | Noticed a two-headed ogre
  9268 | D:11     | Killed a two-headed ogre
  9287 | D:11     | Noticed a boulder beetle
  9352 | D:11     | Learned a level 4 spell: Sticky Flame
  9376 | D:11     | Killed a boulder beetle
  9520 | D:11     | Reached XP level 12. HP: 96/96 MP: 22/22
  9718 | D:11     | Found a staircase to the Orcish Mines.
  9946 | D:12     | Found a gate leading to a gauntlet.
 10008 | Gauntlet | Entered a Gauntlet
 10008 | Gauntlet | Found a transporter.
 10008 | Gauntlet | Found a transporter.
 10013 | Gauntlet | Found a transporter.
 10028 | Gauntlet | Found a transporter.
 10030 | Gauntlet | Noticed a death scarab
 10044 | Gauntlet | Found a transporter.
 10057 | Gauntlet | Found a transporter.
 10072 | Gauntlet | Noticed a green death
 10147 | Gauntlet | Found a transporter.
 10161 | Gauntlet | Found a transporter.
 10175 | Gauntlet | Found a transporter.
 10188 | Gauntlet | Found a transporter.
 10207 | Gauntlet | Found a transporter.
 10280 | Gauntlet | Found a transporter.
 10281 | Gauntlet | Found a transporter.
 10290 | Gauntlet | Found a transporter.
 10300 | Gauntlet | Found a transporter.
 10302 | Gauntlet | Found a transporter.
 10422 | Gauntlet | Got a masterwork falchion
 10423 | Gauntlet | Identified the +11 falchion "Vawuicze" {venom, Str+2} (You
                  | found it in a Gauntlet)
 10492 | Gauntlet | Got a flickering marble ring
 10499 | Gauntlet | Identified the ring of Dittim {rPois rN+} (You found it in
                  | a Gauntlet)
 10531 | Gauntlet | Identified the cursed +0 rapier of Bloodstone {venom, rPois
                  | Will+}
 10531 | Gauntlet | Noticed a minotaur
 10538 | Gauntlet | Killed a minotaur
 10783 | D:12     | Found a runed translucent gate.
 10784 | D:12     | Found a runed translucent gate.
 10784 | D:12     | Found a runed translucent gate.
 10785 | D:12     | Noticed a nine-headed hydra
 10785 | D:12     | Noticed Netaeli's ghost (journeyman SpVM)
 10785 | D:12     | Noticed a nine-headed hydra
 10819 | D:12     | Noticed a centaur warrior
 10829 | D:12     | Killed a centaur warrior
 10869 | D:12     | Reached skill level 10 in Fighting
 10960 | D:12     | Killed a nine-headed hydra
 10962 | D:12     | Killed Netaeli's ghost
 10965 | D:12     | Killed a nine-headed hydra
 10994 | D:12     | Got a polished long sword
 10995 | D:12     | Identified the +1 long sword of Putrescence {pain, Int+9
                  | Dex+3} (You found it on level 12 of the Dungeon)
 11060 | D:13     | Reached XP level 13. HP: 51/103 MP: 13/24
 11382 | D:13     | Found a corrupted altar of Lugonu.
 11703 | D:13     | Found a broken altar of Ashenzari.
 11941 | D:13     | Learned a level 5 spell: Fireball
 12295 | D:14     | Noticed Frances
 12410 | Lair:1   | Entered Level 1 of the Lair of Beasts
 13911 | Lair:3   | Found a staircase to the Snake Pit.
 13958 | Lair:3   | Learned a level 4 spell: Summon Lightning Spire
 14012 | Lair:3   | Reached XP level 14. HP: 111/111 MP: 26/26
 14249 | Lair:3   | Found a staircase to the Swamp.
 14708 | Lair:3   | Reached skill level 10 in Invocations
 14883 | Lair:3   | You fall into a shaft and drop 2 floors!
 16849 | Lair:6   | Entered Level 6 of the Lair of Beasts
 17089 | Lair:6   | Reached skill level 10 in Maces & Flails
 17089 | Lair:6   | Reached skill level 10 in Throwing
 17089 | Lair:6   | Reached skill level 10 in Armour
 17174 | Lair:6   | Found a staircase to the Slime Pits.
 17226 | Lair:6   | Reached XP level 15. HP: 119/119 MP: 5/28
 18207 | Lair:6   | Reached skill level 10 in Short Blades
 18207 | Lair:6   | Reached skill level 10 in Long Blades
 18207 | Lair:6   | Reached skill level 10 in Axes
 18207 | Lair:6   | Reached skill level 10 in Polearms
 18207 | Lair:6   | Reached skill level 10 in Staves
 18207 | Lair:6   | Reached skill level 10 in Slings
 18207 | Lair:6   | Reached skill level 10 in Bows
 18207 | Lair:6   | Reached skill level 10 in Crossbows
 18207 | Lair:6   | Reached skill level 10 in Dodging
 18207 | Lair:6   | Reached skill level 10 in Shields
 18207 | Lair:6   | Reached skill level 10 in Unarmed Combat
 18207 | Lair:6   | Reached skill level 10 in Spellcasting
 18207 | Lair:6   | Reached skill level 10 in Evocations
 18351 | Lair:6   | Found the +3 Elemental Staff {rElec rF++ rC++ Will++ AC+5}
 19027 | D:14     | Found a portal to a secret trove of treasure.
 19034 | D:14     | You paid a toll of 4 scrolls of blinking to enter a
                  | treasure trove
 19035 | Trove    | Entered a treasure trove
 19065 | Trove    | Identified Sif Muna's Tome of Lethal Flight
 19086 | Trove    | Got a warped pewter ring
 19093 | Trove    | Reached XP level 16. HP: 127/127 MP: 30/30
 19094 | Trove    | Reached XP level 17. HP: 133/133 MP: 31/31
 19095 | Trove    | Identified the ring "Deyco" {rF+ rCorr Stlth+} (You found
                  | it in a treasure trove)
 19159 | D:14     | Learned a level 6 spell: Freezing Cloud
 19553 | D:13     | Killed Frances
 19830 | D:14     | Found a gate to the Vaults.
 20041 | D:14     | Found Jadgheuhe's Antique Weapon Boutique.
 20329 | D:15     | Entered Level 15 of the Dungeon
 20504 | D:15     | Found a staircase to the Depths.
 20581 | D:15     | Found a runed translucent gate.
 20582 | D:15     | Found a runed translucent gate.
 20583 | D:15     | Found a runed translucent gate.
 20934 | D:15     | Noticed AyAyRon's ghost (adept DsFi)
 21187 | D:15     | Reached XP level 18. HP: 128/141 MP: 13/33
 21191 | D:15     | Killed AyAyRon's ghost
 21423 | Orc:1    | Entered Level 1 of the Orcish Mines
 21897 | Orc:2    | Entered Level 2 of the Orcish Mines
 21898 | Orc:2    | Noticed Rupert
 21915 | Orc:2    | Killed Rupert
 22073 | Orc:2    | Found a staircase to the Elven Halls.
 22367 | Orc:2    | Found Dokes's General Store.
 22425 | Orc:2    | Found Hutteos's Distillery.
 22454 | Orc:2    | Bought 2 potions of heal wounds for 130 gold pieces
 22456 | Orc:2    | Bought a potion of heal wounds for 70 gold pieces
 22456 | Orc:2    | Bought 2 potions of curing for 84 gold pieces
 22689 | Orc:2    | Found Jathrumi's Gadget Shop.
 22689 | Orc:2    | Found Doos Qie's Antique Armour Boutique.
 22689 | Orc:2    | Found a one-way gate leading to the halls of Pandemonium.
 23031 | Orc:2    | Learned a level 5 spell: Borgnjor's Vile Clutch
 23103 | D:10     | Bought a Fen Folio for 1275 gold pieces
 23109 | D:10     | Learned a level 5 spell: Summon Forest
 23252 | Snake:1  | Entered Level 1 of the Snake Pit
 23265 | Snake:1  | Identified a scroll of acquirement
 23265 | Snake:1  | Acquired a book of Death
 23512 | Snake:1  | Found Meq Ypo's Gadget Shoppe.
 23512 | Snake:1  | Found Kaskyt's Jewellery Boutique.
 23513 | Snake:1  | Found Ighainuk's Gadget Shoppe.
 23758 | Snake:2  | Found a shimmering altar of Xom.
 24326 | Snake:2  | Found Bunk's Armour Emporium.
 24333 | Snake:2  | Bought a +2 pair of boots of flying for 258 gold pieces
 24333 | Snake:2  | Bought a +2 pair of gloves of dexterity for 258 gold pieces
 24924 | Snake:3  | Found Avuof's Antique Armour Boutique.
 24976 | Snake:3  | Bought a shiny helmet for 187 gold pieces
 24976 | Snake:3  | Bought a runed kite shield for 187 gold pieces
 24999 | Snake:3  | Got a scorched pewter amulet
 25000 | Snake:3  | Identified the amulet "Ublijyunara" {RegenMP rPois} (You
                  | found it on level 3 of the Snake Pit)
 25197 | Snake:3  | Reached skill level 10 in Conjurations
 25197 | Snake:3  | Reached skill level 10 in Hexes
 25197 | Snake:3  | Reached skill level 10 in Summonings
 25197 | Snake:3  | Reached skill level 10 in Necromancy
 25197 | Snake:3  | Reached skill level 10 in Translocations
 25197 | Snake:3  | Reached skill level 10 in Transmutations
 25197 | Snake:3  | Reached skill level 10 in Fire Magic
 25197 | Snake:3  | Reached skill level 10 in Ice Magic
 25197 | Snake:3  | Reached skill level 10 in Air Magic
 25197 | Snake:3  | Reached skill level 10 in Earth Magic
 25197 | Snake:3  | Reached skill level 10 in Poison Magic
 25375 | Snake:3  | Acquired the +0 helmet of Mental Paralysis {+Fly rF+ Regen+
                  | Dex+2}
 25455 | Snake:4  | Entered Level 4 of the Snake Pit
 25694 | Snake:4  | Reached XP level 19. HP: 149/149 MP: 19/34
 25784 | Snake:4  | Noticed Aizul
 25800 | Snake:4  | Killed Aizul
 25875 | Snake:4  | Found a runed translucent gate.
 25876 | Snake:4  | Found a runed translucent gate.
 25877 | Snake:4  | Found a runed translucent gate.
 25879 | Snake:4  | Noticed TuffENuff's ghost (adept FoFi)
 26279 | Snake:4  | Got a serpentine rune of Zot
 26360 | Snake:4  | Killed TuffENuff's ghost
 26551 | Swamp:1  | Entered Level 1 of the Swamp
 26674 | Swamp:1  | Noticed Kirke
 26684 | Swamp:1  | Killed Kirke
 27401 | Swamp:2  | Identified the cursed +1 ring mail of Time Monsters {+Blink
                  | Int+4} (You found it on level 2 of the Swamp)
 28404 | Swamp:4  | Entered Level 4 of the Swamp
 28838 | Swamp:4  | Noticed the 27-headed Lernaean hydra
 28844 | Swamp:4  | Killed the 27-headed Lernaean hydra
 28936 | Swamp:4  | Got a decaying rune of Zot
 29014 | Swamp:4  | Reached XP level 20. HP: 158/158 MP: 27/36
 29715 | Elf:1    | Entered Level 1 of the Elven Halls
 29835 | Elf:1    | Found a runed translucent gate.
 29835 | Elf:1    | Found a runed translucent gate.
 29835 | Elf:1    | Found a runed translucent gate.
 29835 | Elf:1    | Found a runed translucent gate.
 29835 | Elf:1    | Found a runed translucent gate.
 29842 | Elf:1    | Found a runed translucent gate.
 30092 | Elf:1    | Found Ikyef's General Store.
 30106 | Elf:1    | Bought a scroll of teleportation for 39 gold pieces
 30116 | Elf:1    | Found Ybafyttoi's Antique Armour Shoppe.
 30727 | Elf:2    | Acquired the +0 pair of boots of the Vestibule of Hell
                  | {Int+4}
 30862 | Elf:2    | Found a runed translucent gate.
 30862 | Elf:2    | Found a runed translucent gate.
 30862 | Elf:2    | Found a runed translucent gate.
 31549 | Elf:3    | Entered Level 3 of the Elven Halls
 32122 | Elf:3    | Reached XP level 21. HP: 166/166 MP: 28/38
 32126 | Elf:3    | Identified the amulet of Doors {Reflect rElec rF+ SH+5}
 32138 | Elf:3    | Identified the cursed +1 leather armour of the Solstice
                  | {*Corrode *Slow rF+++ Will++}
 32151 | Elf:3    | Reached skill level 15 in Stealth
 32169 | Elf:3    | Identified the +7 glaive "Cec Dojo" {antimagic, *Contam
                  | +Blink rC+ Str+8}
 32169 | Elf:3    | Identified the ring of Lidghion {rF++ rC+}
 32423 | Elf:3    | Identified Sif Muna's Tome of Moulding
 32431 | Elf:3    | Identified the cursed +0 helmet "Haosot" {Dex+5} (You found
                  | it on level 3 of the Elven Halls)
 32463 | Elf:3    | Identified the Reference Book on Creative Lightness
 32467 | Elf:3    | Found the +8 whip "Snakebite" {curare, rPois}
 32609 | Elf:3    | Identified the Papyrus of Confrontation
 32965 | Vaults:1 | Entered Level 1 of the Vaults
 33014 | Vaults:1 | Identified the +4 helmet of Xagon {*Corrode *Slow rF++
                  | Regen+ Int+8} (You found it on level 1 of the Vaults)
 33785 | Vaults:1 | Found a transporter.
 33801 | Vaults:1 | Found a transporter.
 33898 | Vaults:1 | Found a runed translucent gate.
 33898 | Vaults:1 | Found a runed translucent gate.
 33898 | Vaults:1 | Found a runed translucent gate.
 34073 | Vaults:1 | Noticed Yloucecuu's ghost (veteran SpEn)
 34115 | Vaults:1 | Killed Yloucecuu's ghost
 34129 | Vaults:1 | Got a twitching bronze ring
 34134 | Vaults:1 | Identified the ring "Utsurchio" {rPois rF+ rC+ Dex+4} (You
                  | found it on level 1 of the Vaults)
 34311 | Vaults:1 | Reached skill level 15 in Fighting
 34389 | Vaults:1 | Identified the +2 pair of gloves "Jewist" {Will+ Dex-4
                  | SInv} (You found it on level 1 of the Vaults)
 34609 | Vaults:2 | Reached XP level 22. HP: 175/175 MP: 34/39
 34655 | Vaults:2 | Found a staircase to the Crypt.
 34916 | Vaults:2 | Reached skill level 15 in Invocations
 37105 | Vaults:4 | Found a runed translucent gate.
 37105 | Vaults:4 | Found a runed translucent gate.
 37105 | Vaults:4 | Found a runed translucent gate.
 37107 | Vaults:4 | Noticed Tang's ghost (master DsGl)
 37279 | Vaults:4 | Reached XP level 23. HP: 138/182 MP: 15/41
 38068 | Vaults:4 | Found an iron altar of Okawaru.
 38155 | Vaults:4 | Killed Tang's ghost
 38251 | Vaults:4 | Learned a level 8 spell: Ignition
 38348 | Crypt:1  | Entered Level 1 of the Crypt
 38449 | Crypt:1  | Reached skill level 15 in Maces & Flails
 38449 | Crypt:1  | Reached skill level 15 in Throwing
 38449 | Crypt:1  | Reached skill level 15 in Armour
 38509 | Crypt:1  | Noticed Margery
 38535 | Crypt:1  | Killed Margery
 38568 | Crypt:1  | Noticed Mara
 38582 | Crypt:1  | Killed Mara
 39278 | Crypt:2  | Noticed Frederick
 39280 | Crypt:2  | Reached skill level 15 in Short Blades
 39280 | Crypt:2  | Reached skill level 15 in Long Blades
 39280 | Crypt:2  | Reached skill level 15 in Axes
 39280 | Crypt:2  | Reached skill level 15 in Polearms
 39280 | Crypt:2  | Reached skill level 15 in Staves
 39280 | Crypt:2  | Reached skill level 15 in Slings
 39280 | Crypt:2  | Reached skill level 15 in Bows
 39280 | Crypt:2  | Reached skill level 15 in Crossbows
 39280 | Crypt:2  | Reached skill level 15 in Dodging
 39280 | Crypt:2  | Reached skill level 15 in Shields
 39280 | Crypt:2  | Reached skill level 15 in Unarmed Combat
 39280 | Crypt:2  | Reached skill level 15 in Spellcasting
 39280 | Crypt:2  | Reached skill level 15 in Evocations
 39293 | Crypt:2  | Killed Frederick
 39777 | Crypt:2  | Reached XP level 24. HP: 189/191 MP: 42/42
 39966 | Crypt:2  | Found the +7 Kryia's mail coat {PotionHeal*2 rC+}
 40163 | Crypt:3  | Entered Level 3 of the Crypt
 40214 | Crypt:3  | Found the +3 giant club "Skullcrusher" {speed, Str+7}
 40452 | Crypt:3  | Found an ancient bone altar of Kikubaaqudgha.
 40744 | Crypt:3  | Found a staircase to the Tomb.
 40926 | Crypt:3  | Found an ancient bone altar of Kikubaaqudgha.
 40926 | Crypt:3  | Found a basalt altar of Yredelemnul.
 40926 | Crypt:3  | Noticed a curse toe
 41021 | Crypt:3  | Acquired the Grimoire of the Shifting Oath
 41030 | Crypt:3  | Learned a level 6 spell: Statue Form
 41032 | Crypt:3  | Learned a level 1 spell: Apportation
 41106 | Crypt:3  | Killed a curse toe
 41188 | Crypt:3  | Identified the Guide on Igneous Translocation
 41213 | Crypt:3  | Identified the Guide on Dark Arts
 41639 | Elf:1    | Bought a runed kite shield for 270 gold pieces
 42392 | Slime:1  | Entered Level 1 of the Pits of Slime
 42413 | Slime:1  | Gained mutation: Scrolls take you a little longer to read.
                  | [a shining eye]
 43193 | Slime:1  | Gained mutation: You are strong-willed. (Will+) [a shining
                  | eye]
 43196 | Slime:1  | Gained mutation: You are weak. (Str -2) [a shining eye]
 43197 | Slime:1  | Gained mutation: You are very weak. (Str -4) [a shining
                  | eye]
 43798 | Slime:3  | Noticed Dissolution
 43808 | Slime:3  | Killed Dissolution
 44033 | Slime:4  | Reached XP level 25. HP: 199/199 MP: 34/42
 44304 | Slime:4  | Paralysed by a floating eye for 3 turns
 44306 | Slime:4  | Gained mutation: Your body sometimes deteriorates upon
                  | taking damage. [a shining eye]
 44314 | Slime:4  | Paralysed by a floating eye for 4 turns
 44772 | Slime:5  | Entered Level 5 of the Pits of Slime
 44980 | Slime:5  | Noticed the Royal Jelly
 44991 | Slime:5  | Killed the Royal Jelly
 45027 | Slime:5  | Gained mutation: You are clumsy. (Dex -2) [a shining eye]
 45328 | Slime:5  | Got a slimy rune of Zot
 45381 | Slime:5  | Identified the Grimoire of Bloodstone
 45403 | Slime:5  | Identified the +6 chain mail of Nefila {Str+2 Int+4 Dex+4
                  | Stlth-} (You found it on level 5 of the Pits of Slime)
 45935 | Vaults:4 | Lost mutation: You are very weak. (Str -4) [potion of
                  | mutation]
 45935 | Vaults:4 | Lost mutation: Your body sometimes deteriorates upon taking
                  | damage. [potion of mutation]
 45935 | Vaults:4 | Gained mutation: You have large cloven feet. [potion of
                  | mutation]
 45935 | Vaults:4 | Lost mutation: You are clumsy. (Dex -2) [potion of
                  | mutation]
 45935 | Vaults:4 | Gained mutation: Your spells are a little harder to cast,
                  | but a little more powerful. [potion of mutation]
 45935 | Vaults:4 | Gained mutation: You are highly strong-willed. (Will++)
                  | [potion of mutation]
 45936 | Vaults:4 | Lost mutation: Scrolls take you a little longer to read.
                  | [potion of mutation]
 45936 | Vaults:4 | Gained mutation: Your magical capacity is low. (-10% MP)
                  | [potion of mutation]
 45936 | Vaults:4 | Lost mutation: You are highly strong-willed. (Will++)
                  | [potion of mutation]
 45936 | Vaults:4 | Gained mutation: Your mind is acute. (Int +2) [potion of
                  | mutation]
 45958 | Vaults:5 | Entered Level 5 of the Vaults
 46688 | Vaults:5 | Identified the +10 trident of Circular Logic {vorpal,
                  | *Noise +Rage Str+2}
 46762 | Vaults:5 | Acquired a book of Annihilations
 46809 | Vaults:4 | Lost mutation: Your magical capacity is low. (-10% MP)
                  | [potion of mutation]
 46809 | Vaults:4 | Lost mutation: Your spells are a little harder to cast, but
                  | a little more powerful. [potion of mutation]
 46809 | Vaults:4 | Lost mutation: You are strong-willed. (Will+) [potion of
                  | mutation]
 46809 | Vaults:4 | Lost mutation: Your mind is acute. (Int +2) [potion of
                  | mutation]
 46809 | Vaults:4 | Gained mutation: You occasionally shout uncontrollably at
                  | your foes. [potion of mutation]
 46809 | Vaults:4 | Gained mutation: Your flesh is heat resistant. (rF+)
                  | [potion of mutation]
 46810 | Vaults:4 | Lost mutation: You have large cloven feet. [potion of
                  | mutation]
 46810 | Vaults:4 | Lost mutation: You occasionally shout uncontrollably at
                  | your foes. [potion of mutation]
 46810 | Vaults:4 | Gained mutation: You occasionally shout uncontrollably at
                  | your foes. [potion of mutation]
 46810 | Vaults:4 | Gained mutation: Armour fits poorly on your strangely
                  | shaped body. [potion of mutation]
 46810 | Vaults:4 | Gained mutation: You have large cloven feet. [potion of
                  | mutation]
 46811 | Vaults:4 | Lost mutation: Your flesh is heat resistant. (rF+) [potion
                  | of mutation]
 46811 | Vaults:4 | Lost mutation: Armour fits poorly on your strangely shaped
                  | body. [potion of mutation]
 46811 | Vaults:4 | Lost mutation: You are weak. (Str -2) [potion of mutation]
 46811 | Vaults:4 | Gained mutation: You are covered in fur. (AC +1) [potion of
                  | mutation]
 46811 | Vaults:4 | Gained mutation: Armour fits poorly on your strangely
                  | shaped body. [potion of mutation]
 46811 | Vaults:4 | Gained mutation: You are clumsy. (Dex -2) [potion of
                  | mutation]
 46811 | Vaults:4 | Gained mutation: You are robust. (+10% HP) [potion of
                  | mutation]
 46812 | Vaults:4 | Lost mutation: You are clumsy. (Dex -2) [potion of
                  | mutation]
 46812 | Vaults:4 | Lost mutation: You are covered in fur. (AC +1) [potion of
                  | mutation]
 46812 | Vaults:4 | Lost mutation: You are robust. (+10% HP) [potion of
                  | mutation]
 46812 | Vaults:4 | Lost mutation: You occasionally shout uncontrollably at
                  | your foes. [potion of mutation]
 46812 | Vaults:4 | Gained mutation: You are robust. (+10% HP) [potion of
                  | mutation]
 46812 | Vaults:4 | Gained mutation: You are agile. (Dex +2) [potion of
                  | mutation]
 46995 | Vaults:5 | Found the +8 orange crystal plate armour {Archmagi, Int+3
                  | Clar}
 47121 | Vaults:5 | Reached XP level 26. HP: 226/228 MP: 43/43
 47478 | Vaults:5 | Got a silver rune of Zot
 47497 | Vaults:5 | Found the +3 hat of Pondering {ponderous, Will+ MP+10
                  | Int+5}
 47595 | Vaults:5 | Acquired 712 gold pieces
 47597 | Vaults:5 | Acquired 1112 gold pieces
 48258 | Vaults:5 | Learned a level 9 spell: Absolute Zero
 48511 | Pan      | Entered Pandemonium
 48697 | Pan      | Noticed Waxecyt the pandemonium lord
 48724 | Pan      | Killed Waxecyt the pandemonium lord
 48908 | Pan      | Gained mutation: You tend to lose your temper in combat. [a
                  | neqoxec]
 49012 | Pan      | Gained mutation: Your magical capacity is low. (-10% MP) [a
                  | neqoxec]
 49012 | Pan      | Lost mutation: You are robust. (+10% HP) [a neqoxec]
 49609 | Pan      | Gained mutation: You do not regenerate when monsters are
                  | visible. [a cacodemon]
 49819 | Pan      | Gained mutation: Your spells are a little easier to cast,
                  | but a little less powerful. [a neqoxec]
 50108 | Pan      | Lost mutation: You have large cloven feet. [potion of
                  | mutation]
 50108 | Pan      | Lost mutation: You tend to lose your temper in combat.
                  | [potion of mutation]
 50108 | Pan      | Gained mutation: Your mind is acute. (Int +2) [potion of
                  | mutation]
 50645 | Pan      | Reached XP level 27. HP: 217/217 MP: 39/39
 50880 | Pan      | Found a glowing silver altar of Zin.
 51409 | Pan      | Identified the +2 gold dragon scales of Eckinupoi {Rampage
                  | rPois rF+ rC+ Str+2}
 51409 | Pan      | Identified the ring "Ilicupa" {rF+ rC+ Will- Slay+3}
 51543 | Pan      | Identified the +7 chain mail "Goepomyn" {rC- Will++ Int+4}
 51543 | Pan      | Identified the ring of the Traitor {+Fly rElec}
 51546 | Pan      | Noticed a seraph
 51550 | Pan      | Killed a seraph
 51569 | Pan      | Found a glowing golden altar of the Shining One.
 51580 | Pan      | Got a demonic rune of Zot
 51582 | Pan      | Identified the cursed +0 pair of boots of Qefo Gom
                  | {*Corrode *Drain rN+++ Dex+6} (You found it in Pandemonium)
 51597 | Pan      | Identified Vebuomnu's Tome of Harmful Dislocation
 52032 | Pan      | Reached skill level 15 in Conjurations
 52032 | Pan      | Reached skill level 15 in Hexes
 52032 | Pan      | Reached skill level 15 in Summonings
 52032 | Pan      | Reached skill level 15 in Necromancy
 52032 | Pan      | Reached skill level 15 in Translocations
 52032 | Pan      | Reached skill level 15 in Transmutations
 52032 | Pan      | Reached skill level 15 in Fire Magic
 52032 | Pan      | Reached skill level 15 in Ice Magic
 52032 | Pan      | Reached skill level 15 in Air Magic
 52032 | Pan      | Reached skill level 15 in Earth Magic
 52032 | Pan      | Reached skill level 15 in Poison Magic
 52260 | Pan      | Identified the cursed +0 tower shield of Lethargy {Dex+4}
 52780 | Pan      | Identified the cursed +0 tower shield of Ximegotu {rC+
                  | Will+}
 52851 | Pan      | Identified the cursed -5 tower shield "Gutyot" {-Tele rC+
                  | Will+}
 53303 | Pan      | Found a white marble altar of Elyvilon.
 54556 | Pan      | Noticed Ekkefe the pandemonium lord
 54558 | Pan      | Killed Ekkefe the pandemonium lord
 54579 | Orc:2    | Escaped Pandemonium
 54697 | D:12     | Cast into level 5 of the Abyss (unwielding a weapon of
                  | distortion)
 54697 | Abyss:5  | Entered Level 5 of the Abyss
 54703 | Abyss:5  | Gained mutation: You are weak. (Str -2) [mutagenic glow]
 54708 | Abyss:5  | Lost mutation: You are weak. (Str -2) [mutagenic glow]
 54775 | Abyss:5  | Gained mutation: You evolve. [a neqoxec]
 54909 | Abyss:5  | Lost mutation: Your spells are a little easier to cast, but
                  | a little less powerful. [evolution]
 54918 | Abyss:5  | Found a corrupted altar of Lugonu.
 55118 | Abyss:5  | Paralysed by accursed screaming for 2 turns
 55120 | D:12     | Escaped the Abyss
 55434 | Pan      | Entered Pandemonium
 55725 | Pan      | Lost mutation: You are agile. (Dex +2) [mutagenic glow]
 55740 | Pan      | Lost mutation: Your mind is acute. (Int +2) [mutagenic
                  | glow]
 55769 | Pan      | Gained mutation: You are clumsy. (Dex -2) [mutagenic glow]
 55995 | Pan      | Lost mutation: You are clumsy. (Dex -2) [potion of
                  | mutation]
 55995 | Pan      | Lost mutation: Armour fits poorly on your strangely shaped
                  | body. [potion of mutation]
 55995 | Pan      | Lost mutation: You do not regenerate when monsters are
                  | visible. [potion of mutation]
 55995 | Pan      | Lost mutation: Your magical capacity is low. (-10% MP)
                  | [potion of mutation]
 55995 | Pan      | Gained mutation: Your mind is acute. (Int +2) [potion of
                  | mutation]
 55995 | Pan      | Lost mutation: You evolve. [potion of mutation]
 55995 | Pan      | Gained mutation: You are strong-willed. (Will+) [potion of
                  | mutation]
 56021 | Pan      | Identified the ring "Lyton" {Fire rElec Will- Slay+5}
 56340 | Pan      | Noticed Zoynig the pandemonium lord
 56341 | Pan      | Killed Zoynig the pandemonium lord
 56626 | Pan      | Entered the realm of Lom Lobon.
 56626 | Pan      | Noticed Lom Lobon
 56629 | Pan      | Killed Lom Lobon
 56728 | Pan      | Got a magical rune of Zot
 57029 | Orc:2    | Escaped Pandemonium
 57211 | Depths:1 | Entered Level 1 of the Depths
 57211 | Depths:1 | Noticed Saint Roka
 57213 | Depths:1 | Killed Saint Roka
 57255 | Depths:1 | Found a magical portal.
 57269 | WizLab   | Entered Zonguldrok's Shrine
 57450 | WizLab   | Noticed an antique lich
 57452 | WizLab   | Killed an antique lich
 57454 | WizLab   | Found the +9 sword of Zonguldrok {reap}
 57990 | Depths:1 | Found a glowing golden altar of the Shining One.
 58022 | Depths:1 | Found a burning altar of Makhleb.
 58036 | Depths:1 | Found a gateway to Hell.
 58402 | Depths:2 | Learned a level 9 spell: Fire Storm
 58411 | Depths:2 | Learned a level 8 spell: Necromutation
 58426 | Depths:2 | Found the +6 lightning scales {run, rElec}
 59451 | Depths:3 | Found a one-way gate to the infinite horrors of the Abyss.
 59493 | Depths:3 | Noticed Asterion
 59505 | Depths:3 | Killed Asterion
 59577 | Depths:3 | Noticed Xtahua
 59581 | Depths:3 | Killed Xtahua
 59771 | Depths:3 | Found a shimmering blue altar of Sif Muna.
 59935 | Depths:3 | Noticed a juggernaut
 59943 | Depths:3 | Killed a juggernaut
 60073 | Depths:3 | Identified the ring "Dehij" {rCorr Str+7 Stlth+} (You found
                  | it on level 3 of the Depths)
 60634 | Depths:4 | Noticed a juggernaut
 60647 | Depths:4 | Killed a juggernaut
 61172 | Depths:4 | Found a gateway to a ziggurat.
 61527 | Depths:5 | Entered Level 5 of the Depths
 61676 | Depths:5 | Noticed Boris
 61682 | Depths:5 | Killed Boris
 61796 | Depths:5 | Found a corrupted altar of Lugonu.
 62823 | Depths:5 | Found a gate to the Realm of Zot.
 63218 | Depths:5 | Noticed a juggernaut
 63224 | Depths:5 | Killed a juggernaut
 63502 | Zot:1    | Entered Level 1 of the Realm of Zot
 64199 | Zot:2    | Noticed an orb of fire
 64201 | Zot:2    | Killed an orb of fire
 64592 | Zot:2    | You fall into a shaft and drop 2 floors!
 66324 | Zot:5    | Entered Level 5 of the Realm of Zot
 66630 | Zot:5    | Noticed an ancient lich
 66632 | Zot:5    | Killed an ancient lich
 66678 | Zot:5    | Noticed an ancient lich
 66680 | Zot:5    | Killed an ancient lich
 66732 | Zot:5    | Noticed an orb of fire
 66734 | Zot:5    | Killed an orb of fire
 66735 | Zot:5    | Noticed an ancient lich
 66738 | Zot:5    | Killed an ancient lich
 66872 | Zot:5    | Paralysed by a Zot trap for 4 turns
 66872 | Zot:5    | Noticed an orb of fire
 66873 | Zot:5    | Noticed an orb of fire
 66873 | Zot:5    | Noticed an ancient lich
 66877 | Zot:5    | Killed an ancient lich
 66879 | Zot:5    | Killed an orb of fire
 66885 | Zot:5    | Noticed an ancient lich
 66911 | Zot:5    | Noticed an ancient lich
 66912 | Zot:5    | Killed an ancient lich
 66946 | Zot:5    | Noticed an ancient lich
 66949 | Zot:5    | Killed an ancient lich
 67163 | Zot:5    | Noticed an orb of fire
 67167 | Zot:5    | Killed an orb of fire
 67389 | Zot:5    | Killed an orb of fire
 67530 | Zot:5    | Killed an ancient lich
 67694 | Pan      | Entered the realm of Cerebov.
 67694 | Pan      | Entered Pandemonium
 67966 | Pan      | Identified the Volume of the Poisonous Blaze
 67969 | Pan      | Got a bound glass ring
 67970 | Pan      | Identified the ring "Taaxin" {Fire rN++ Int-5} (You found
                  | it in Pandemonium)
 67976 | Pan      | Identified the +6 sword of Cerebov {flame}
 67976 | Pan      | Noticed Cerebov
 67977 | Pan      | Killed Cerebov
 68010 | Pan      | Got a fiery rune of Zot
 68329 | Pan      | Learned a level 9 spell: Tornado
 68364 | Pan      | Found an exit through the horrors of the Abyss.
 68416 | Pan      | Found a huge runed translucent gate.
 68417 | Pan      | Found a huge runed translucent gate.
 68418 | Pan      | Found a huge runed translucent gate.
 68418 | Pan      | Found a huge runed translucent gate.
 68418 | Pan      | Found a huge runed translucent gate.
 68422 | Pan      | Found a huge runed translucent gate.
 68423 | Pan      | Found a huge runed translucent gate.
 68432 | Pan      | Noticed Vetagiveac the pandemonium lord
 68477 | Pan      | Killed Vetagiveac the pandemonium lord
 68560 | Pan      | Entered the realm of Mnoleg.
 68581 | Pan      | Noticed Mnoleg
 68596 | Pan      | Paralysed by a floating eye for 4 turns
 68602 | Pan      | Gained mutation: Your body sometimes deteriorates upon
                  | taking damage. [a neqoxec]
 68607 | Pan      | Killed Mnoleg
 68690 | Pan      | Got a glowing rune of Zot
 68727 | Pan      | Found an exit through the horrors of the Abyss.
 69102 | Pan      | Noticed Gesalu the pandemonium lord
 69114 | Pan      | Killed Gesalu the pandemonium lord
 69249 | Pan      | Entered the realm of Gloorx Vloq.
 69356 | Pan      | Found an exit through the horrors of the Abyss.
 69444 | Pan      | Noticed Gloorx Vloq
 69457 | Pan      | Killed Gloorx Vloq
 69518 | Pan      | Got a dark rune of Zot
 69574 | Pan      | Took an exit into the Abyss.
 69574 | Abyss:1  | Escaped into the Abyss
 69588 | Abyss:1  | Found a hazy altar of Hepliaklqana.
 69588 | Abyss:1  | Found a corrupted altar of Lugonu.
 69849 | Abyss:2  | Found a hide-covered altar of Uskayaw.
 69871 | Abyss:2  | Acquired a book of Misfortune
 70149 | Abyss:3  | Found an ancient bone altar of Kikubaaqudgha.
 70191 | Abyss:3  | Found an ancient bone altar of Kikubaaqudgha.
 70220 | Abyss:3  | Got an abyssal rune of Zot
 70240 | Depths:3 | Escaped the Abyss
 70483 | Hell     | Entered the Vestibule of Hell
 70483 | Hell     | Noticed Geryon
 70489 | Hell     | Killed Geryon
 70555 | Hell     | Noticed Murray
 70558 | Hell     | Killed Murray
 70771 | Hell     | Found a gateway to the Iron City of Dis.
 70862 | Hell     | Found a gateway to the ashen valley of Gehenna.
 70994 | Hell     | Found a gateway to the decaying netherworld of Tartarus.
 71098 | Hell     | Found a gateway to the freezing wastes of Cocytus.
 71139 | Dis:1    | Entered Level 1 of the Iron City of Dis
 71397 | Dis:2    | You fall into a shaft and drop 1 floor!
 71481 | Dis:4    | You fall into a shaft and drop 2 floors!
 71587 | Dis:7    | Entered Level 7 of the Iron City of Dis
 71746 | Dis:7    | Reached skill level 27 in Stealth
 72079 | Dis:7    | Identified the Catalogue of Harmful Weightlessness
 72091 | Dis:7    | Identified the +1 kite shield of Kikubaaqudgha's Regard
                  | {rF+ rC++ Int+3} (You found it on level 7 of the Iron City
                  | of Dis)
 72201 | Dis:7    | Identified the +4 staff of Dispater
 72201 | Dis:7    | Noticed Dispater
 72204 | Dis:7    | Killed Dispater
 72223 | Dis:7    | Got an iron rune of Zot
 72652 | Dis:7    | Identified the Volume of Stolen Souls and Lightness
 72900 | Geh:1    | Entered Level 1 of Gehenna
 72941 | Geh:2    | You fall into a shaft and drop 1 floor!
 73712 | Geh:7    | Entered Level 7 of Gehenna
 73725 | Geh:7    | Identified the +7 sceptre of Asmodeus
 73725 | Geh:7    | Noticed Asmodeus
 73728 | Geh:7    | Killed Asmodeus
 73762 | Geh:7    | Got an obsidian rune of Zot
 74151 | Geh:7    | Identified the Guide on Ghastly Venom
 74415 | Tar:1    | Entered Level 1 of Tartarus
 75413 | Tar:5    | Noticed an ancient lich
 75440 | Tar:5    | Killed an ancient lich
 75701 | Tar:7    | Entered Level 7 of Tartarus
 76031 | Tar:7    | Got a flickering bronze ring
 76032 | Tar:7    | Identified the ring of Incredulity {rC+ rN+ Str+6 Int-4
                  | Slay+3} (You found it on level 7 of Tartarus)
 76040 | Tar:7    | Found the +8 trident of the Octopus King {venom, rElec
                  | rPois Will+}
 76044 | Tar:7    | Identified the Volume of Summoning
 76046 | Tar:7    | Identified the Almanac of Flying Hexes
 76149 | Tar:7    | Learned a level 9 spell: Shatter
 76150 | Tar:7    | Noticed Ereshkigal
 76151 | Tar:7    | Killed Ereshkigal
 76200 | Tar:7    | Got a bone rune of Zot
 76352 | Coc:1    | Entered Level 1 of Cocytus
 77039 | Coc:5    | You fall into a shaft and drop 1 floor!
 77412 | Coc:7    | Entered Level 7 of Cocytus
 77594 | Coc:7    | Noticed Antaeus
 77599 | Coc:7    | Killed Antaeus
 77627 | Coc:7    | Identified the -4 cloak of Generosity {rF+ Int+7 Dex-4}
                  | (You found it on level 7 of Cocytus)
 77683 | Coc:7    | Got an icy rune of Zot
 77788 | Hell     | Learned a level 8 spell: Borgnjor's Revivification
 77853 | Zig:1    | Entered Level 1 of a ziggurat
 77880 | Zig:2    | Entered Level 2 of a ziggurat
 77936 | Zig:3    | Entered Level 3 of a ziggurat
 78011 | Zig:4    | Entered Level 4 of a ziggurat
 78140 | Zig:5    | Entered Level 5 of a ziggurat
 78168 | Zig:6    | Entered Level 6 of a ziggurat
 78212 | Zig:7    | Entered Level 7 of a ziggurat
 78258 | Zig:8    | Entered Level 8 of a ziggurat
 78318 | Zig:9    | Entered Level 9 of a ziggurat
 78327 | Zig:9    | Found the +10 dark maul {vorpal}
 78339 | Zig:9    | Identified the Compendium of Unstable Intoxication
 78352 | Zig:9    | Identified the +10 giant spiked club "Embalmer" {holy,
                  | Str+6} (You found it on level 9 of a ziggurat)
 78360 | Zig:10   | Entered Level 10 of a ziggurat
 78391 | Zig:10   | Acquired the Disquisition on Icy Malediction
 78401 | Zig:11   | Entered Level 11 of a ziggurat
 78453 | Zig:11   | Got a heavily runed lead ring
 78454 | Zig:11   | Identified the ring of Huwaal {Ice Int+4} (You found it on
                  | level 11 of a ziggurat)
 78458 | Zig:12   | Entered Level 12 of a ziggurat
 78488 | Zig:12   | Identified the Reference Book on Transmutation and
                  | Weightlessness
 78496 | Zig:12   | Got a sparkling platinum ring
 78497 | Zig:12   | Identified the ring "Viocamog" {Wiz rPois rF- Int+2} (You
                  | found it on level 12 of a ziggurat)
 78501 | Zig:13   | Entered Level 13 of a ziggurat
 78509 | Zig:13   | Noticed a juggernaut
 78510 | Zig:13   | Noticed a juggernaut
 78512 | Zig:13   | Killed a juggernaut
 78514 | Zig:13   | Killed a juggernaut
 78548 | Zig:13   | Got a warped marble ring
 78574 | Zig:13   | Identified the ring of the Princess {rN+ Will+ Str+3 Int+5}
                  | (You found it on level 13 of a ziggurat)
 78582 | Zig:14   | Entered Level 14 of a ziggurat
 78590 | Zig:14   | Noticed a royal mummy
 78590 | Zig:14   | Noticed a royal mummy
 78590 | Zig:14   | Noticed a royal mummy
 78592 | Zig:14   | Noticed a royal mummy
 78593 | Zig:14   | Killed a royal mummy
 78594 | Zig:14   | Killed a royal mummy
 78595 | Zig:14   | Killed a royal mummy
 78596 | Zig:14   | Killed a royal mummy
 78610 | Zig:14   | Identified the Collected Works on Aerial Ignition
 78690 | Zig:15   | Entered Level 15 of a ziggurat
 78699 | Zig:15   | Noticed a royal mummy
 78700 | Zig:15   | Noticed a royal mummy
 78702 | Zig:15   | Killed a royal mummy
 78705 | Zig:15   | Killed a royal mummy
 78705 | Zig:15   | Noticed a royal mummy
 78709 | Zig:15   | Killed a royal mummy
 78714 | Zig:15   | Identified the Papyrus of Earth
 78719 | Zig:15   | Identified Sif Muna's Reference Book on Hurtful Shape
                  | Shifting
 78729 | Zig:15   | Identified the ring "Pirog" {+Inv rCorr Int-5 Dex+9} (You
                  | found it on level 15 of a ziggurat)
 78738 | Zig:16   | Entered Level 16 of a ziggurat
 78753 | Zig:16   | Found the +5 sword of Power {vorpal}
 78763 | Zig:16   | Identified the amulet of Arreh {RegenMP rN+ Str+4 Int+4}
                  | (You found it on level 16 of a ziggurat)
 78853 | Zig:17   | Entered Level 17 of a ziggurat
 78857 | Zig:17   | Noticed a royal mummy
 78857 | Zig:17   | Noticed a royal mummy
 78859 | Zig:17   | Noticed a royal mummy
 78860 | Zig:17   | Noticed a royal mummy
 78860 | Zig:17   | Noticed a royal mummy
 78861 | Zig:17   | Killed a royal mummy
 78861 | Zig:17   | Killed a royal mummy
 78861 | Zig:17   | Noticed a royal mummy
 78862 | Zig:17   | Killed a royal mummy
 78862 | Zig:17   | Killed a royal mummy
 78862 | Zig:17   | Noticed a royal mummy
 78864 | Zig:17   | Killed a royal mummy
 78864 | Zig:17   | Noticed a royal mummy
 78867 | Zig:17   | Killed a royal mummy
 78867 | Zig:17   | Killed a royal mummy
 78867 | Zig:17   | Killed a royal mummy
 78871 | Zig:17   | Found the +8 Wrath of Trog {antimagic, *Rage}
 78873 | Zig:17   | Found the ring of the Hare {EV+8}
 78976 | Zig:18   | Entered Level 18 of a ziggurat
 78994 | Zig:18   | Found the +12 glaive of Prune {vorpal}
 79098 | Zig:18   | Identified the Tome of the Frostbite and Flames
 79111 | Zig:18   | Got a wavering wooden ring
 79123 | Zig:18   | Identified the ring "Cuuket" {+Inv rElec rC+ MP+9 Dex-4}
                  | (You found it on level 18 of a ziggurat)
 79128 | Zig:18   | Identified the Volume of Snow and the Compass
 79134 | Zig:18   | Got a faintly glowing granite ring
 79135 | Zig:18   | Identified the ring of Qaukhla {+Inv rF+ Will+ Dex+4} (You
                  | found it on level 18 of a ziggurat)
 79140 | Zig:19   | Entered Level 19 of a ziggurat
 79154 | Zig:19   | Noticed an ancient lich
 79158 | Zig:19   | Killed an ancient lich
 79219 | Zig:19   | Got a bound iron ring
 79220 | Zig:19   | Identified the ring "Amegelle" {Ice Str+2 Dex+5 Slay-6}
                  | (You found it on level 19 of a ziggurat)
 79287 | Zig:20   | Entered Level 20 of a ziggurat
 79297 | Zig:20   | Noticed Lagger the pandemonium lord
 79300 | Zig:20   | Killed Lagger the pandemonium lord
 79426 | Zig:21   | Entered Level 21 of a ziggurat
 79441 | Zig:21   | Noticed an ancient lich
 79442 | Zig:21   | Noticed an ancient lich
 79443 | Zig:21   | Noticed an ancient lich
 79444 | Zig:21   | Found the +7 mace of Variability {chain chaos}
 79444 | Zig:21   | Killed an ancient lich
 79444 | Zig:21   | Killed an ancient lich
 79445 | Zig:21   | Killed an ancient lich
 79448 | Zig:21   | Reached skill level 27 in Invocations
 79448 | Zig:21   | Noticed an ancient lich
 79461 | Zig:21   | Killed an ancient lich
 79480 | Zig:21   | Reached skill level 27 in Polearms
 79494 | Zig:21   | Identified the Compendium of Congealing Creation
 79514 | Zig:22   | Entered Level 22 of a ziggurat
 79615 | Zig:22   | Acquired a manual of Transmutations
 79636 | Zig:23   | Entered Level 23 of a ziggurat
 79642 | Zig:23   | Noticed an ancient lich
 79642 | Zig:23   | Noticed an ancient lich
 79645 | Zig:23   | Noticed an ancient lich
 79646 | Zig:23   | Noticed an ancient lich
 79647 | Zig:23   | Killed an ancient lich
 79647 | Zig:23   | Noticed an ancient lich
 79648 | Zig:23   | Killed an ancient lich
 79649 | Zig:23   | Killed an ancient lich
 79652 | Zig:23   | Killed an ancient lich
 79652 | Zig:23   | Killed an ancient lich
 79680 | Zig:23   | Identified Puogriatz's Disquisition on Earth
 79688 | Zig:23   | Reached skill level 27 in Slings
 79693 | Zig:23   | Got a transparent zirconium amulet
 79694 | Zig:23   | Identified the amulet of Lucidity {Reflect *Corrode Int+4
                  | SH+5} (You found it on level 23 of a ziggurat)
 79697 | Zig:23   | Got a twitching lead ring
 79698 | Zig:23   | Identified the ring "Hiluip" {Will+ Int+3 Stlth+} (You
                  | found it on level 23 of a ziggurat)
 79703 | Zig:23   | Identified the +0 pair of boots "Pausch" {rN++ rCorr Int-3
                  | Stlth+} (You found it on level 23 of a ziggurat)
 79717 | Zig:24   | Entered Level 24 of a ziggurat
 79753 | Zig:24   | Got a translucent gossamer ring
 79754 | Zig:24   | Identified the ring "Ryasiv" {rN+ MP+9 Stlth+} (You found
                  | it on level 24 of a ziggurat)
 79768 | Zig:24   | Got a scintillating jade amulet
 79769 | Zig:24   | Identified the amulet "Ewekoarom" {Reflect rN+ SH+5} (You
                  | found it on level 24 of a ziggurat)
 79773 | Zig:24   | Identified the +2 pair of gloves of Leapfrog {rPois Dex+2
                  | Slay-4} (You found it on level 24 of a ziggurat)
 79777 | Zig:24   | Identified the Incunabulum of Attacks
 79791 | Zig:25   | Entered Level 25 of a ziggurat
 79804 | Zig:25   | Reached skill level 27 in Unarmed Combat
 79845 | Zig:25   | Found the +6 Majin-Bo {vamp, MP+6 Int+6}
 79857 | Zig:25   | Identified Egebogho's Volume of Attacks
 79860 | Zig:25   | Identified the Almanac of the Voyage
 79984 | Zig:26   | Entered Level 26 of a ziggurat
 80010 | Zig:26   | Found the +9 staff of Wucad Mu {channel}
 80070 | Zig:26   | Identified the Compendium of Ashen Enchantment
 80074 | Zig:26   | Identified the +2 pair of gloves "Unnoly" {Will+ Stlth+}
                  | (You found it on level 26 of a ziggurat)
 80084 | Zig:26   | Got a scorched turquoise ring
 80085 | Zig:26   | Identified the ring of Qiloc {+Fly rN+ Str+2 SInv} (You
                  | found it on level 26 of a ziggurat)
 80092 | Zig:26   | Identified the Almanac of the Captivating Traveller
 80232 | Zig:27   | Entered Level 27 of a ziggurat
 80243 | Zig:27   | Reached skill level 27 in Fighting
 80263 | Zig:27   | Found the +8 demon trident "Rift" {distort, reach+}
 80268 | Zig:27   | Acquired the ring "Vacu Uga" {Fire rElec rN+ Will- Int+7}
 80271 | Zig:27   | Identified Iticamit's Sophisticated Spellweaving
 80277 | Zig:27   | Got a faintly glowing steel ring
 80278 | Zig:27   | Identified the ring of Wewnionk {Will+ Int+2 SInv} (You
                  | found it on level 27 of a ziggurat)
 80286 | Zig:27   | Got a glittering platinum ring
 80290 | Zig:27   | Identified the Catalogue of the Oath
 80310 | Zig:27   | Identified the ring of Vywusy {rCorr Dex+3} (You found it
                  | on level 27 of a ziggurat)
 80496 | Zot:5    | Got the Orb of Zot
 80912 | D:14     | Noticed Uvem Widd the pandemonium lord
 80915 | D:14     | Killed Uvem Widd the pandemonium lord
 80989 | Vaults:2 | Noticed a seraph
 80990 | Vaults:2 | Identified the +5 tower shield of Unreason {Harm rCorr
                  | Dex+3}
 80991 | Vaults:2 | Reached skill level 27 in Bows
 80992 | Vaults:2 | Killed a seraph
 81090 | Tomb:1   | Entered Level 1 of the Tomb of the Ancients
 81106 | Tomb:1   | Noticed Citubaho the pandemonium lord
 81111 | Tomb:1   | Killed Citubaho the pandemonium lord
 81119 | Tomb:1   | Noticed Voskiuda the pandemonium lord
 81127 | Tomb:1   | Killed Voskiuda the pandemonium lord
 81169 | Tomb:1   | Noticed a royal mummy
 81169 | Tomb:1   | Noticed a royal mummy
 81171 | Tomb:1   | Noticed a royal mummy
 81171 | Tomb:1   | Killed a royal mummy
 81171 | Tomb:1   | Noticed a royal mummy
 81176 | Tomb:1   | Killed a royal mummy
 81177 | Tomb:1   | Noticed a royal mummy
 81178 | Tomb:1   | Killed a royal mummy
 81178 | Tomb:1   | Killed a royal mummy
 81180 | Tomb:1   | Noticed a royal mummy
 81180 | Tomb:1   | Noticed a royal mummy
 81181 | Tomb:1   | Killed a royal mummy
 81182 | Tomb:1   | Killed a royal mummy
 81182 | Tomb:1   | Noticed a royal mummy
 81183 | Tomb:1   | Reached skill level 27 in Maces & Flails
 81183 | Tomb:1   | Reached skill level 27 in Throwing
 81183 | Tomb:1   | Reached skill level 27 in Armour
 81183 | Tomb:1   | Killed a royal mummy
 81185 | Tomb:1   | Noticed a royal mummy
 81191 | Tomb:1   | Killed a royal mummy
 81196 | Tomb:1   | Killed a royal mummy
 81204 | Tomb:1   | Noticed a royal mummy
 81214 | Tomb:1   | Reached skill level 27 in Short Blades
 81214 | Tomb:1   | Reached skill level 27 in Long Blades
 81214 | Tomb:1   | Reached skill level 27 in Axes
 81214 | Tomb:1   | Reached skill level 27 in Staves
 81214 | Tomb:1   | Reached skill level 27 in Crossbows
 81214 | Tomb:1   | Reached skill level 27 in Dodging
 81214 | Tomb:1   | Reached skill level 27 in Shields
 81214 | Tomb:1   | Reached skill level 27 in Spellcasting
 81214 | Tomb:1   | Reached skill level 27 in Evocations
 81217 | Tomb:1   | Killed a royal mummy
 81220 | Tomb:1   | Noticed Xoil the pandemonium lord
 81233 | Tomb:1   | Killed Xoil the pandemonium lord
 81247 | Tomb:1   | Noticed a royal mummy
 81253 | Tomb:1   | Killed a royal mummy
 81537 | Tomb:3   | Entered Level 3 of the Tomb of the Ancients
 81549 | Tomb:3   | Identified the +5 tower shield of Cowardice {Will+}
 81549 | Tomb:3   | Noticed Mennas
 81637 | Tomb:3   | Noticed a royal mummy
 81639 | Tomb:3   | Noticed a royal mummy
 81641 | Tomb:3   | Killed a royal mummy
 81641 | Tomb:3   | Noticed an ancient lich
 81642 | Tomb:3   | Noticed a royal mummy
 81643 | Tomb:3   | Killed a royal mummy
 81643 | Tomb:3   | Killed an ancient lich
 81643 | Tomb:3   | Noticed a royal mummy
 81644 | Tomb:3   | Killed a royal mummy
 81644 | Tomb:3   | Killed Mennas
 81644 | Tomb:3   | Noticed a royal mummy
 81645 | Tomb:3   | Killed a royal mummy
 81647 | Tomb:3   | Killed a royal mummy
 81647 | Tomb:3   | Noticed a royal mummy
 81648 | Tomb:3   | Noticed a royal mummy
 81650 | Tomb:3   | Noticed a royal mummy
 81652 | Tomb:3   | Killed a royal mummy
 81656 | Tomb:3   | Noticed Wiot the pandemonium lord
 81689 | Tomb:2   | Noticed Verill the pandemonium lord
 81690 | Tomb:2   | Killed Verill the pandemonium lord
 81789 | Tomb:3   | Killed a royal mummy
 81790 | Tomb:3   | Killed Wiot the pandemonium lord
 81790 | Tomb:3   | Killed a royal mummy
 81822 | Tomb:3   | Got a golden rune of Zot
 81849 | Tomb:3   | Identified the amulet "Etaditub" {Spirit +Inv rN+ Stlth+}
                  | (You found it on level 3 of the Tomb of the Ancients)
 81850 | Tomb:3   | Identified the ring "Omeiridgh" {rC++ Str+6 Stlth-} (You
                  | found it on level 3 of the Tomb of the Ancients)
 82033 | Crypt:1  | Noticed Gyef Pigu the pandemonium lord
 82036 | Crypt:1  | Killed Gyef Pigu the pandemonium lord
 82166 | Vaults:1 | Noticed Zeffof the pandemonium lord
 82170 | Vaults:1 | Killed Zeffof the pandemonium lord
 82475 | D:$      | Escaped with the Orb!

Illustrated notes

Levels and vault maps discovered:
D:1:      lightli_arrival_statuegarden, layout_basic, minivault_25,
          nrook_mini_vaults
D:2:      layout_rooms
D:3:      layout_basic, chequers_temple_overflow_statue_of_worship,
          minivault_25, nrook_mini_backslash
D:4:      cheibrodos_helix_gallery, layout_basic, grunt_temple_overflow_open,
          gup_ossuary_entry_pyramid, st_stairs_13, supply_closet_lemuel
D:5:      layout_gridville
D:6:      layout_rooms, overflow_temple_1_default, marbit_many_paths,
          fedhas_altar_1
D:7:      wander_guarded_unrand_ratskin, layout_cave_pools,
          minmay_temple_entry_junction_2
D:8:      lemuel_ice_statue, layout_basic, dpeg_oklobed_lair, serial_shops,
          shop, serial_bayou, serial_bayou_pond_d, serial_bayou_lake_a,
          serial_bayou_pond_e, serial_bayou_crossing
D:9:      layout_irregular_city, bloody_makhleb, uniq_erolcha
D:10:     layout_loops_corners, serial_shops, nicolae_shop_stone,
          ashenzari_altar_1, uniq_snorg, uniq_josephine, uniq_urug,
          uniq_nergalle
D:11:     layout_long_grid, minmay_orc_entry_guard_dogs
D:12:     layout_cross, gauntlet_entry_generic, gammafunk_ghost_hydra_chop,
          portal_ice_cave_rime
D:13:     kennysheep_kobold_lugonu_temple, layout_cave_pools, basic_altar
D:14:     layout_cave_pools, grunt_vaults_entry_fortified, enter_trove_5,
          serial_shops, nicolae_shop_crystal, minmay_misc_feat_diagonals,
          chequers_decorated_corner, minmay_nine_imps, uniq_frances
D:15:     hangedman_depths_entry_try_elsewhere_first, layout_irregular_city,
          gammafunk_ghost_icy, minmay_misc_feat_iff
Lair:1:   layout_roguey, minmay_stone_trees_small, grunt_megastairs_3
Lair:2:   layout_chaotic_city, serial_bayou, serial_bayou_pond_e,
          serial_bayou_lagoon_a, serial_bayou_pond_e, serial_bayou_shore_b,
          serial_bayou_pond_e, serial_bayou_shore_a
Lair:3:   nzn_winding_woodlands_large [nzn_winding_woodlands_5x5_three,
          nzn_winding_woodlands_5x15_pool,
          nzn_winding_woodlands_5x5_closed_star,
          nzn_winding_woodlands_center_diamonds,
          nzn_winding_woodlands_15x15_killbox,
          nzn_winding_woodlands_center_lodge, nzn_winding_woodlands_5x5_default,
          nzn_winding_woodlands_5x15_split_checker,
          nzn_winding_woodlands_5x5_cross], layout_cave_pods, swamp_mist,
          grunt_forest_small_clearing_treed
Lair:4:   layout_cave_pods, infiniplex_staircase_pool_2
Lair:5:   layout_hall_layers
Lair:6:   hangedman_lair_in_review, layout_cave_pods,
          minmay_slime_entry_oklob_enclosed, minivault_29
Swamp:1:  layout_basic_swamp, nicolae_swamp_triple_paths, swamp_pool1,
          uniq_kirke
Swamp:2:  layout_basic_swamp, evilmike_swamp_ruin_house_6, swamp_pool1
Swamp:3:  layout_basic_swamp, hangedman_swamp_lotus, swamp_pool2,
          infiniplex_staircase_pool
Swamp:4:  swamp_old_school, layout_basic_swamp, swamp_pool4,
          nicolae_swamp_treefoil
Snake:1:  layout_misc_corridors, grunt_megastairs_4, minmay_shop_grove
Snake:2:  layout_layer_cave, basic_altar, serial_shops, nicolae_shop_crystal,
          statue_in_the_mist_lemuel, st_stairs_10
Snake:3:  layout_grid_shapes, serial_shops, nicolae_shop_stone
Snake:4:  minmay_snake_end_coiled, layout_misc_corridors,
          ebering_ghost_rock_garden, uniq_aizul
Slime:1:  layout_caves
Slime:2:  layout_caves
Slime:3:  layout_caves, cheibrodos_slime_lost_civilization_5, uniq_dissolution
Slime:4:  layout_caves
Slime:5
Orc:1:    layout_caves
Orc:2:    pf_orc_diabolical, layout_caves, sword_in_stone, uniq_rupert
Elf:1:    layout_loops_cross, serial_shops, shop, orc_legates, minmay_shop_star
Elf:2:    layout_loops_ring, drop_trap
Elf:3:    elf_hall, layout_rooms, solitary_fountain
Vaults:1: gammafunk_vaults_ghost_necromancy, dpeg_vaults_monster_row, v_misc_4,
          v_misc_15, grunt_vaults_focal, gammafunk_the_bubble
          [the_bubble_gammafunk_split], nicolae_vaults_yaktaur_gun_rack,
          grunt_vaults_trifunnel, nicolae_vaults_border_crossing,
          ontoclasm_vaults_eye, vaults_dpeg_diagonal, layout_vaults_omnibox
Vaults:2: dpeg_vaults_monster_box, vaults_room_door_ring,
          vaults_dpeg_encased_lava, vaults_mumra_hex, vaults_dpeg_ring,
          ontoclasm_vaults_misaligned, ontoclasm_vaults_ligature,
          layout_vaults_omnigrid
Vaults:3: st_spiral_rooms, v_misc_12, vaults_mumra_chevron,
          ontoclasm_vaults_chip, v_misc_9, v_misc_24, nicolae_vaults_rhombus_6,
          vaults_dpeg_cross, hangedman_vaults_cutoff,
          nicolae_vaults_shelves_hall, nicolae_vaults_shelves_hall,
          grunt_vaults_funnel, layout_vaults_ring
Vaults:4: gammafunk_vaults_ghost_fury_of_okawaru, ontoclasm_vaults_ring_small,
          hangedman_vaults_capsules, nicolae_vaults_arrows,
          grunt_vaults_hallway_long, nicolae_vaults_holding_cells,
          ontoclasm_vaults_loading_screen, nicolae_vaults_sealed_display,
          hangedman_vaults_trim, ontoclasm_vaults_misaligned, v_alt_pattern_6,
          nicolae_vaults_network_quincunx
          [nicolae_vaults_network_quincunx_subvault,
          nicolae_vaults_network_quincunx_subvault,
          nicolae_vaults_network_quincunx_subvault,
          nicolae_vaults_network_quincunx_subvault,
          nicolae_vaults_network_quincunx_subvault], v_misc_19,
          layout_vaults_maze_snakey
Vaults:5
Crypt:1:  layout_regular_city, uniq_margery, uniq_mara
Crypt:2:  minmay_shadows, layout_gridlike, uniq_frederick
Crypt:3:  lightli_unholy_cathedral, layout_chaotic_city,
          tomb_entry_sphere_bobbens, basic_altar,
          minmay_guarded_unrand_skullcrusher
Tomb:1
Tomb:2
Tomb:3:   uniq_mennas
Depths:1: layout_small_grid, grunt_mini_vestibule, kennysheep_big_empty_room,
          mu_enter_wizlab_1, nzn_life_drinkers, uniq_saint_roka
Depths:2: minmay_the_grid_octo_2x2 [minmay_the_grid_octo_odd_swirl,
          minmay_the_grid_octo_tetromino_candy, minmay_the_grid_octo_clover_2,
          minmay_the_grid_octo_prize_square_snowflake], layout_basic,
          hell_entry, firewood_loft, infiniplex_staircase_star,
          serial_bayou_shore_b
Depths:3: minmay_stepped, layout_gridville, pan_entry, basic_altar,
          hangedman_abyss_entry_splay, pf_coc_iceberg, lemuel_freeze_loot_1,
          infiniplex_staircase_pillars_3a, uniq_asterion, uniq_xtahua
Depths:4: minmay_ornate_pinched, layout_basic, enter_ziggurat_a,
          hex_intersection, pf_hell_entry_great_geh, abyss_entry
Depths:5: grunt_zot_entry_tricorne, layout_small_grid, minmay_misc_feat_rugged,
          abyss_entry_flame_altar, hell_entry, minmay_shattered_shrine,
          uniq_boris
Hell
Dis:1:    layout_regular_city
Dis:2:    layout_jigsaw
Dis:3:    layout_subdivisions
Dis:4:    layout_jigsaw
Dis:6:    layout_gridville
Dis:7:    iron_city_of_dis [dis_old, dis_wall_2], layout_chaotic_city
Geh:1:    layout_gehenna_pools_basic, door_vault
Geh:2:    layout_gehenna_pools_box
Geh:3:    layout_gehenna_lava_caves
Geh:4:    layout_gehenna_lava_caves
Geh:5:    layout_gehenna_lava_caves, minmay_fire_ice_demons
Geh:6:    layout_gehenna_lava_caves
Geh:7:    evilmike_geh
Coc:1:    layout_cocytus_water_paths
Coc:2:    layout_cocytus_water_paths
Coc:3:    layout_ice_bergs
Coc:4:    layout_cocytus_water_paths, lemuel_elevator
Coc:5:    layout_ice_bergs
Coc:6:    layout_cocytus_delve, evilmike_ambush [evilmike_ambush_outer_basic,
          evilmike_ambush_inner_basic]
Coc:7:    coc_grunt_cove [coc_grunt_cove_antaeus, coc_grunt_cove_fiend,
          coc_grunt_cove_fiend, coc_grunt_cove_fiend, coc_grunt_cove_fiend]
Tar:1:    layout_grid_maze, grunt_megastairs_5
Tar:2:    layout_honeycomb
Tar:3:    layout_honeycomb, nicolae_tar_cuneiform_to_be
Tar:4:    layout_grid_maze
Tar:5:    grunt_deathspiral_small, layout_cathedral_of_symmetry
Tar:6:    layout_grid_maze
Tar:7:    tar_mu [tar_mu_maze]
Zot:1:    kennysheep_blocky_hall, layout_misc_corridors, lemuel_golem_globe
Zot:2:    layout_gridlike
Zot:3:    layout_concentric_octagons
Zot:4:    layout_misc_corridors
Zot:5:    layout_misc_corridors

Skill      XL: |  1  2  3  4  5  6  7  8  9 10 11 12 13 14 15 16 17 18 19 20 21 22 23 24 25 26 27 |
---------------+----------------------------------------------------------------------------------+-----
Invocations    | 1 2 3 4 5 6 7 8 9 10 11 12 13 14 15 16 17 18 27 | 27.0
Short Blades   | 1 2 3 4 5 6 7 8 9 10 11 12 13 14 15 16 27 | 27.0
Long Blades    | 1 2 3 4 5 6 7 8 9 10 11 12 13 14 15 16 27 | 27.0
Axes           | 1 2 3 4 5 6 7 8 9 10 11 12 13 14 15 16 27 | 27.0
Polearms       | 1 2 3 4 5 6 7 8 9 10 11 12 13 14 15 16 27 | 27.0
Staves         | 1 2 3 4 5 6 7 8 9 10 11 12 13 14 15 16 27 | 27.0
Slings         | 1 2 3 4 5 6 7 8 9 10 11 12 13 14 15 16 27 | 27.0
Bows           | 1 2 3 4 5 6 7 8 9 10 11 12 13 14 15 16 27 | 27.0
Crossbows      | 1 2 3 4 5 6 7 8 9 10 11 12 13 14 15 16 27 | 27.0
Dodging        | 1 2 3 4 5 6 7 8 9 10 11 12 13 14 15 16 27 | 27.0
Shields        | 1 2 3 4 5 6 7 8 9 10 11 12 13 14 15 16 27 | 27.0
Unarmed Combat | 1 2 3 4 5 6 7 8 9 10 11 12 13 14 15 16 27 | 27.0
Spellcasting   | 1 2 3 4 5 6 7 8 9 10 11 12 13 14 15 16 27 | 27.0
Evocations     | 1 2 3 4 5 6 7 8 9 10 11 12 13 14 15 16 27 | 27.0
Conjurations   | 1 2 3 4 5 6 7 8 9 10 11 12 13 14 24 | 24.5
Hexes          | 1 2 3 4 5 6 7 8 9 10 11 12 13 14 24 | 24.5
Summonings     | 1 2 3 4 5 6 7 8 9 10 11 12 13 14 24 | 24.5
Necromancy     | 1 2 3 4 5 6 7 8 9 10 11 12 13 14 24 | 24.5
Translocations | 1 2 3 4 5 6 7 8 9 10 11 12 13 14 24 | 24.5
Transmutations | 1 2 3 4 5 6 7 8 9 10 11 12 13 14 26 | 26.6
Fire Magic     | 1 2 3 4 5 6 7 8 9 10 11 12 13 14 24 | 24.5
Ice Magic      | 1 2 3 4 5 6 7 8 9 10 11 12 13 14 24 | 24.5
Air Magic      | 1 2 3 4 5 6 7 8 9 10 11 12 13 14 24 | 24.5
Earth Magic    | 1 2 3 4 5 6 7 8 9 10 11 12 13 14 24 | 24.5
Poison Magic   | 1 2 3 4 5 6 7 8 9 10 11 12 13 14 24 | 24.5
Maces & Flails | 3 4 5 6 7 8 9 10 11 12 13 14 15 16 17 27 | 27.0
Throwing       | 3 4 5 6 7 8 9 10 11 12 13 14 15 16 17 27 | 27.0
Armour         | 3 4 5 6 7 8 9 10 11 12 13 14 15 16 17 27 | 27.0
Stealth        | 8 9 10 11 12 13 14 15 16 17 18 19 27 | 27.0
Fighting       | 7 8 9 10 11 12 13 14 15 16 17 27 | 27.0

Action                   |  1- 3 |  4- 6 |  7- 9 | 10-12 | 13-15 | 16-18 | 19-21 | 22-24 | 25-27 || total
-------------------------+-------+-------+-------+-------+-------+-------+-------+-------+-------++-------
Melee: Dagger            |   171 |   191 |   248 |       |       |       |       |       |       ||   610
       Bite              |    17 |    34 |    67 |   104 |   180 |   126 |   266 |   402 |  1551 ||  2747
       Punch             |       |     2 |    10 |    17 |       |       |       |       |       ||    29
       Unarmed           |       |       |     3 |       |       |       |       |       |   853 ||   856
       Morningstar       |       |       |   162 |   349 |       |       |       |       |       ||   511
       Falchion          |       |       |       |    73 |   588 |       |       |       |       ||   661
       Staff             |       |       |       |       |    12 |   547 |  1166 |  1634 |  5611 ||  8970
       Kick              |       |       |       |       |       |       |       |       |   105 ||   105
Throw: Dart              |       |       |       |     8 |       |       |       |       |       ||     8
       Throwing net      |       |       |       |     1 |       |       |       |       |       ||     1
       Boomerang         |       |       |       |       |     9 |       |       |     1 |       ||    10
 Cast: Call Imp          |       |       |     2 |    14 |     1 |       |       |       |       ||    17
       Lee's Rapid Decon |       |       |       |    10 |    29 |    14 |    10 |    21 |     5 ||    89
       Passage of Golubr |       |       |       |     1 |       |       |       |       |    17 ||    18
       Fireball          |       |       |       |       |    19 |     2 |       |       |       ||    21
       Blink             |       |       |       |       |     2 |       |       |     1 |     3 ||     6
       Sticky Flame      |       |       |       |       |     1 |       |       |       |       ||     1
       Summon Lightning  |       |       |       |       |    23 |    53 |    63 |    49 |    15 ||   203
       Freezing Cloud    |       |       |       |       |       |    16 |    14 |     8 |     4 ||    42
       Summon Forest     |       |       |       |       |       |    11 |    34 |    35 |    23 ||   103
       Passwall          |       |       |       |       |       |     5 |       |     2 |    20 ||    27
       Borgnjor's Vile C |       |       |       |       |       |     3 |     7 |     2 |    18 ||    30
       Ignition          |       |       |       |       |       |       |       |    11 |   348 ||   359
       Statue Form       |       |       |       |       |       |       |       |     2 |   143 ||   145
       Absolute Zero     |       |       |       |       |       |       |       |       |   308 ||   308
       Necromutation     |       |       |       |       |       |       |       |       |   121 ||   121
       Tornado           |       |       |       |       |       |       |       |       |    83 ||    83
       Shatter           |       |       |       |       |       |       |       |       |    12 ||    12
       Fire Storm        |       |       |       |       |       |       |       |       |     6 ||     6
       Apportation       |       |       |       |       |       |       |       |       |     4 ||     4
Invok: Slouch            |       |       |     1 |     5 |     5 |     9 |       |       |     3 ||    23
 Abil: Stop Flying       |       |       |       |       |       |     1 |       |       |       ||     1
       End Transformatio |       |       |       |       |       |       |       |       |    11 ||    11
Evoke: Wand              |       |       |     9 |    14 |     2 |       |       |       |     4 ||    29
       Lightning rod     |       |       |       |     4 |     4 |       |       |       |       ||     8
       Condenser vane    |       |       |       |     1 |     1 |       |       |       |     1 ||     3
       Tin of tremorston |       |       |       |       |       |       |       |       |     1 ||     1
  Use: Potion            |     1 |       |     1 |       |     2 |     1 |       |       |    38 ||    43
       Scroll            |       |     8 |     8 |    14 |    14 |     7 |     9 |    17 |    82 ||   159
 Stab: Sleeping          |     4 |    10 |    23 |     9 |    22 |     5 |    28 |    34 |    44 ||   179
       Distracted        |       |       |       |     2 |     6 |    19 |    44 |    48 |    52 ||   171
       Confused          |       |       |       |       |       |       |     2 |       |       ||     2
Armor: Scale mail        |   120 |   116 |   141 |   159 |   199 |   158 |   251 |   203 |       ||  1347
       Skin              |     7 |       |     2 |       |       |       |       |    20 |   709 ||   738
       Pearl dragon scal |       |       |       |       |       |       |       |    53 |   734 ||   787
       Crystal plate arm |       |       |       |       |       |       |       |       |   410 ||   410
Dodge: Dodged            |    76 |   110 |   439 |   512 |   519 |   451 |   634 |   773 |  5262 ||  8776
Block: Buckler           |       |       |       |    34 |   287 |   200 |       |       |       ||   521
       Kite shield       |       |       |       |       |       |   117 |   892 |  1126 |  7518 ||  9653
       Rpst.: Falchion   |       |       |       |    20 |   136 |       |       |       |       ||   156
